 Seeded DCSS version 0.29-a0-459-g97dee8cd24 (webtiles) character file.

Game seed: 696969 (custom seed)

1197137 davecave the Conqueror (level 27, 0/169 (191) HPs)
             Began as a Minotaur Fighter on May 19, 2022.
             Was an Initiate of Gozag.
             Killed from afar by a Hell Sentinel (37 damage)
             ... with damnation
             ... on level 7 of the Iron City of Dis on May 20, 2022.
             The game lasted 09:48:37 (143261 turns).

davecave the Conqueror (Minotaur Fighter)         Turns: 143261, Time: 09:48:38

HP:   0/169 (191)   AC: 43    Str: 19 (27) XL:     27
MP:   27/27         EV: 19    Int:  8 (13) God:    Gozag
Gold: 5677          SH: 41    Dex: 24      Spells: 11/52 levels left

rFire   + + +      SeeInvis .   n - +9 broad axe of Death {vorpal, +Blink Dex+3}
rCold   + + .      Faith    .   v - +8 tower shield {rN+}
rNeg    + + +      Spirit   .   S - +12 gold dragon scales
rPois   +          Reflect  +   V - +2 hat {Will+}
rElec   +          Harm     .   c - +2 cloak of Amelioration {+Inv Dex+4}
rCorr   .          Rampage  .   B - +2 pair of gloves of Ipsomm {rF+}
Will    ++++.                   P - +0 pair of boots of Untruth {Regen+ Dex+3}
Stlth   ..........              E - amulet of reflection
HPRegen 1.18/turn               M - ring of Qioforik {rElec rN+ Will+ Int+4}
MPRegen 0.20/turn               F - ring "Olaqair" {rPois rF+ rC+ rN+}

@: heavily drained, corroded
A: horns 2, retaliatory headbutt, claws 1, frail 3, low MP 3
}: 11/15 runes: decaying, serpentine, slimy, silver, obsidian, abyssal, demonic,
glowing, magical, fiery, dark
a: Renounce Religion, Evoke Blink, Evoke Invisibility, Potion Petition, Call
Merchant, Bribe Branch


You were on level 7 of the Iron City of Dis.
You worshipped Gozag.
Gozag was greatly pleased with you.
You visited 15 branches of the dungeon, and saw 72 of its levels.
You visited Pandemonium 4 times, and saw 23 of its levels.
You visited the Abyss 2 times.
You also visited: Gauntlet and Wizlab.

You collected 58374 gold pieces.
You spent 12738 gold pieces at shops.
You paid 39959 gold pieces to Gozag.

Inventory:

Hand Weapons
 n - the +9 broad axe of Death (weapon) {vorpal, +Blink Dex+3}
   (You bought it in a shop on level 4 of the Dungeon)

   It inflicts extra damage upon your enemies.
   Dex:       It affects your dexterity (+3).
   +Blink:    It lets you blink.
 u - a +9 sacred scourge of holy wrath
Armour
 c - the +2 cloak of Amelioration (worn) {+Inv Dex+4}
   (You found it in Pandemonium)

   Dex:       It affects your dexterity (+4).
   +Inv:      It lets you turn invisible.
 f - a +2 pair of boots of flying
 v - a +8 tower shield of positive energy (worn)
 B - the +2 pair of gloves of Ipsomm (worn) {rF+}
   (You acquired it on level 9 of the Dungeon)

   rF:        It protects you from fire.
 P - the +0 pair of boots of Untruth (worn) {Regen+ Dex+3}
   (You acquired it on level 3 of the Vaults)

   Dex:       It affects your dexterity (+3).
   Regen:     It increases your rate of health regeneration.
 R - a +2 cloak of willpower
 S - +12 gold dragon scales (worn)
 V - a +2 hat of willpower (worn)
Jewellery
 g - the dreamshard necklace {*Dream Drain}
   (You bought it in a shop on level 4 of the Dungeon)

   [amulet of nothing]

   It shatters if its wearer takes lethal or near-lethal damage, preventing the
   blow and releasing protective dreams that heal and fight for the wearer.
   Drain:     It drains your maximum health when unequipped.
 i - the ring of Qoziam {Will+ Dex+3 SInv}
   (You found it on level 2 of the Depths)

   [ring of willpower]

   Dex:       It affects your dexterity (+3).
   SInv:      It lets you see invisible.
   Will:      It increases your willpower.
 E - an amulet of reflection (around neck)
 F - the ring "Olaqair" (right hand) {rPois rF+ rC+ rN+}
   (You found it on level 3 of the Crypt)

   [ring of positive energy]

   rF:        It protects you from fire.
   rC:        It protects you from cold.
   rPois:     It protects you from poison.
   rN:        It protects you from negative energy.
 G - a ring of resist corrosion
 M - the ring of Qioforik (left hand) {rElec rN+ Will+ Int+4}
   (You took it off a necromancer on level 3 of the Depths)

   [ring of willpower]

   Int:       It affects your intelligence (+4).
   rElec:     It insulates you from electricity.
   rN:        It protects you from negative energy.
   Will:      It increases your willpower.
Wands
 k - a wand of acid (20)
 p - a wand of iceblast (45)
 C - a wand of digging (37)
 I - a wand of mindburst (36)
Scrolls
 a - 3 scrolls of summoning
 e - 10 scrolls of immolation
 h - 18 scrolls of blinking
 j - 42 scrolls of teleportation
 s - 8 scrolls of fear
 K - 13 scrolls of fog
 N - 4 scrolls of silence
 O - 10 scrolls of poison
 X - 4 scrolls of enchant weapon
 Y - 15 scrolls of magic mapping
Potions
 b - 15 potions of attraction
 d - 7 potions of might
 l - 7 potions of heal wounds
 m - 13 potions of flight
 o - 25 potions of curing
 q - 10 potions of resistance
 t - 19 potions of brilliance
 w - 15 potions of magic
 y - 10 potions of cancellation
 z - 4 potions of haste
 H - 3 potions of mutation
 L - 5 potions of berserk rage
 Q - 8 potions of ambrosia
 Z - 4 potions of invisibility
Miscellaneous
 r - a condenser vane
 x - the horn of Geryon
 A - a phantom mirror
 J - a phial of floods
 T - a tin of tremorstones (2/2)
 W - a lightning rod (4/4)


   Skills:
 O Level 27 Fighting
 - Level 11.0 Short Blades
 - Level 18.7(25.8) Axes
 O Level 27 Maces & Flails
 - Level 12.3(16.9) Polearms
 O Level 27 Armour
 O Level 27 Dodging
 - Level 7.4 Stealth
 O Level 27 Shields
 - Level 13.0 Spellcasting
 - Level 9.0 Necromancy
 + Level 12.1 Transmutations
 + Level 12.2 Earth Magic
 O Level 27 Evocations


You had 11 spell levels left.
You knew the following spells:

 Your Spells              Type           Power      Damage    Failure   Level
a - Statue Form           Tmut/Erth      16%        N/A       80%         6
b - Wereblood             Tmut           24%        N/A       1%          2
c - Shatter               Erth           12%        3d13*     100%        9
d - Lehudib's Crystal Sp  Conj/Erth      7%         10d3      100%        8
e - Borgnjor's Revivific  Necr           9%         N/A       100%        8
f - Necromutation         Tmut/Necr      11%        N/A       100%        8

Your spell library contained the following spells:

 Spells                   Type           Power      Damage    Failure   Level
 Beastly Appendage        Tmut           48%        N/A       1%          1
 Sandblast                Erth           48%        2d12      1%          1
 Passwall                 Tmut/Erth      20%        N/A       1%          2
 Necrotize                Necr           76%        1d7       3%          1
 Petrify                  Tmut/Erth      24%        N/A       9%          4
 Vampiric Draining        Necr           19%        2d7       10%         3
 Blade Hands              Tmut           12%        N/A       26%         5
 Spider Form              Tmut/Pois      14%        N/A       32%         3
 Stone Arrow              Conj/Erth      28%        3d8       32%         3
 Dispel Undead            Necr           19%        3d11      32%         4
 Borgnjor's Vile Clutch   Necr/Erth      11%        N/A       43%         5
 Ignite Poison            Fire/Tmut/Pois 11%        N/A       61%         3
 Agony                    Necr           19%        N/A       65%         5
 Ice Form                 Ice/Tmut       14%        N/A       73%         4
 Apportation              Tloc           10%        N/A       80%         1
 Foxfire                  Conj/Fire      20%        2x1d5     80%         1
 Freeze                   Ice            20%        1d4       80%         1
 Shock                    Conj/Air       20%        1d4       80%         1
 Summon Small Mammal      Summ           20%        N/A       80%         1
 Ensorcelled Hibernation  Hex/Ice        10%        N/A       90%         2
 Poisonous Vapours        Pois/Air       10%        N/A       90%         2
 Scorch                   Fire           10%        2d5       90%         2
 Static Discharge         Conj/Air       5%         N/A       90%         2
 Anguish                  Hex/Necr       6%         N/A       91%         4
 Alistair's Intoxication  Tmut/Pois      9%         N/A       97%         5
 Irradiate                Conj/Tmut      7%         3d15      97%         5
 Yara's Violent Unravell  Hex/Tmut       7%         3d5       97%         5
 Call Canine Familiar     Summ           5%         N/A       99%         3
 Conjure Flame            Conj/Fire      5%         6-21      99%         3
 Dazzling Flash           Conj/Hex       10%        N/A       99%         3
 Frozen Ramparts          Ice            10%        1d3       99%         3
 Gell's Gravitas          Tloc           5%         N/A       99%         3
 Inner Flame              Hex/Fire       5%         N/A       99%         3
 Lesser Beckoning         Tloc           5%         N/A       99%         3
 Mephitic Cloud           Conj/Pois/Air  5%         N/A       99%         3
 Ozocubu's Armour         Ice            5%         N/A       99%         3
 Summon Guardian Golem    Hex/Summ       5%         N/A       99%         3
 Swiftness                Air            5%         N/A       99%         3
 Teleport Other           Tloc           5%         N/A       99%         3
 Tukima's Dance           Hex            5%         N/A       99%         3
 Death Channel            Necr           9%         N/A       99%         6
 Airstrike                Air            2%         N/A       100%        4
 Cause Fear               Hex            2%         N/A       100%        4
 Flame Wave               Conj/Fire      5%         2d5       100%        4
 Hailstorm                Conj/Ice       5%         3d4       100%        4
 Iskenderun's Mystic Bla  Conj/Tloc      5%         2d3       100%        4
 Olgreb's Toxic Radiance  Pois           5%         N/A       100%        4
 Passage of Golubria      Tloc           5%         N/A       100%        4
 Sticky Flame             Conj/Fire      5%         2d3       100%        4
 Summon Ice Beast         Ice/Summ       5%         N/A       100%        4
 Fireball                 Conj/Fire      2%         3d4       100%        5
 Freezing Cloud           Conj/Ice/Air   2%         6-21      100%        5
 Iskenderun's Battlesphe  Conj           5%         2d6       100%        5
 Lightning Bolt           Conj/Air       2%         1d14      100%        5
 Metabolic Englaciation   Hex/Ice        2%         N/A       100%        5
 Silence                  Hex/Air        2%         N/A       100%        5
 Summon Forest            Summ/Tloc      2%         N/A       100%        5
 Summon Mana Viper        Hex/Summ       5%         N/A       100%        5
 Conjure Ball Lightning   Conj/Air       2%         3x3d6     100%        6
 Dispersal                Tloc           2%         N/A       100%        6
 Eringya's Noxious Bog    Tmut/Pois      7%         N/A       100%        6
 Starburst                Conj/Fire      2%         6d3       100%        6
 Summon Cactus Giant      Summ           2%         N/A       100%        6
 Dragon Form              Tmut           12%        N/A       100%        7
 Malign Gateway           Summ/Tloc      2%         N/A       100%        7
 Monstrous Menagerie      Summ           2%         N/A       100%        7
 Orb of Destruction       Conj           2%         9d5       100%        7
 Ozocubu's Refrigeration  Ice            2%         4d5       100%        7
 Storm Form               Tmut/Air       7%         N/A       100%        7
 Discord                  Hex            2%         N/A       100%        8
 Disjunction              Tloc           2%         N/A       100%        8
 Ignition                 Fire           2%         3d3       100%        8
 Maxwell's Capacitive Co  Air            2%         ∞         100%        8
 Summon Horrible Things   Summ           2%         N/A       100%        8
 Chain Lightning          Conj/Air       2%         3d3       100%        9
 Death's Door             Necr           9%         N/A       100%        9
 Fire Storm               Conj/Fire      2%         8d1       100%        9
 Polar Vortex             Ice            2%         N/A       100%        9
 Corpse Rot               Necr/Pois/Air  Unusable   N/A       N/A         4

Dungeon Overview and Level Annotations

Branches:
Dungeon (15/15)            Temple (1/1) D:4            Lair (6/6) D:11
  Swamp (4/4) Lair:2        Snake (4/4) Lair:3        Slime (5/5) Lair:5
    Orc (2/2) D:10            Elf (3/3) Orc:2        Vaults (5/5) D:14
  Crypt (3/3) Vaults:3       Tomb (0/3) Crypt:3      Depths (4/4) D:15
   Hell (visited)             Dis (7/7) Hell            Geh (7/7) Hell
    Coc (0/7) Hell            Tar (0/7) Hell            Zot (5/5) Depths:4
 WizLab (visited)         Gauntlet (visited)

Altars:
Ashenzari
Cheibriados
Dithmenos
Elyvilon
Fedhas
Gozag
Hepliaklqana
Kikubaaqudgha
Makhleb
Nemelex Xobeh
Okawaru
Qazlal
Ru
Sif Muna
Trog
Uskayaw
Vehumet
Wu Jian
Xom
Yredelemnul
Zin
The Shining One
Beogh
Lugonu

Shops:
D:4 [(*?((!==(**=*=   D:8 (   D:14 *   D:15 ?   Orc:2 **[[   Elf:1 *   Elf:2 ?
Snake:1 ::=   Snake:2 [   Snake:4 [   Vaults:1 (!!([   Vaults:4 ?   Depths:3 (

Portals:
Hell: Depths:1 Depths:2 Depths:3 Depths:4
Abyss: Depths:3
Pandemonium: Depths:1 Depths:2
Ziggurat: Depths:1

Annotations:
D:8 exclusion: 4 oklob plants
Snake:1 2 transporters, Stoinky's ghost, journeyman MiAK


Innate Abilities, Weirdness & Mutations

You have a pair of horns on your head.
You reflexively headbutt those who attack you in melee.
You have sharp fingernails.
You are extremely frail. (-30% HP)
Your magical capacity is extremely low. (-30% MP)


Message History

You hit the Hell Sentinel.
The Hell Sentinel is severely wounded.
You block the Hell Sentinel's attack. The Hell Sentinel barely misses you.
Unknown command.
You completely miss the Hell Sentinel. Your headbutt misses the Hell Sentinel.
The Hell Sentinel is severely wounded.
Unknown command.
You hit the Hell Sentinel but do no damage.
You headbutt the Hell Sentinel, but do no damage.
The Hell Sentinel is severely wounded.
You block the Hell Sentinel's attack. x2
Unknown command.
You hit the Hell Sentinel.
You headbutt the Hell Sentinel, but do no damage.
The Hell Sentinel is severely wounded.
The Hell Sentinel gestures at you.
The sphere of damnation explodes!
The damnation engulfs you!!!
The damnation engulfs the Hell Sentinel.
The Hell Sentinel completely resists.
You hit the Hell Sentinel but do no damage.
You headbutt the Hell Sentinel, but do no damage.
The Hell Sentinel is severely wounded.
The Hell Sentinel hits you!!
* * * LOW HITPOINT WARNING * * *
You block the Hell Sentinel's attack.
Unknown command.
You hit the Hell Sentinel but do no damage.
The Hell Sentinel is severely wounded.
Unknown command.
You hit the Hell Sentinel but do no damage.
You headbutt the Hell Sentinel, but do no damage.
The Hell Sentinel is severely wounded.
You block the Hell Sentinel's attack. x2
Unknown command.
You hit the Hell Sentinel but do no damage.
The Hell Sentinel is severely wounded.
The Hell Sentinel gestures at you.
The sphere of damnation explodes!
The damnation engulfs you!!!
You die...
Your body crumbles into a pile of gold.

......#..#.......................
......#..#.....................^.
....######.....^##############...
....#....#......#............#...
....#....#......#............#...
....'....'..#####..#########'###)
....#.)..#..'.#....#,..........#.
....#....#..'.#1^..#,..........#.
....#....#..#...@###,.#######..#.
....######..#....#,,,,*$$$$$#..#.
.........#..#....#,,,,*$,,,$#..#.
.........#..#....#,,,,+$,,,$#..#.
.....#####..#....#,,,,*$,,,$#..#.
.....#...#..#....#,,,,*$$$$$#..#.
.....'...#..#....###,.#######..#.
.....#...#..+.#....#,..........#.
.....#...#..+.#....#,..........#.


You could see a Hell Sentinel.

Vanquished Creatures
  Cerebov (Pan)
  18 pandemonium lords (Pan)
  Asmodeus (Geh:7)
  Gloorx Vloq (Pan)
  Ignacio (Pan)
  Mnoleg (Pan)
  Lom Lobon (Pan)
  A seraph (Pan)
  7 ancient liches
  12 dread liches
  7 orbs of fire
  Khufu (Vaults:3)
  Mara (Elf:3)
  2 juggernauts
  Mennas (Vaults:2)
  Sojobo (Vaults:1)
  2 royal mummies (Vaults:3)
  Boris (thrice) (Vaults:4 Depths:3 Crypt:3)
  Parghit (Depths:4)
  Frederick (Vaults:3)
  Bai Suzhen (Crypt:1)
  Saint Roka (Elf:3)
  4 Killer Klowns (Zot:5)
  Vashnia (Snake:2)
  2 curse toes
  Geryon (Hell)
  21 caustic shrikes
  Nikola (Snake:4)
  9 golden dragons
  A shard shrike zombie (Crypt:1)
  6 bone dragons
  3 doom hounds (Geh:3)
  2 pearl dragons (Pan)
  18 Tzitzimimeh
  21 iron giants
  32 Brimstone Fiends
  9 electric golems
  25 tentacled monstrosities
  17 liches
  17 hellephants
  Zenata (Vaults:3)
  43 Hell Sentinels
  2 walking earthen tomes
  18 Ice Fiends (Pan)
  A Cloud Mage (WizLab)
  A walking crystal tome (Depths:2)
  2 deep elf master archers (Elf:3)
  25 Orb Guardians
  27 searing wretches
  10 titans
  13 quicksilver dragons
  28 Executioners (Pan)
  2 deep elf blademasters (Elf:3)
  7 death cobs
  36 ancient champions
  2 walking frostbound tomes
  28 acid blobs
  6 sphinxes
  A tentacled starspawn (Abyss:4)
  8 tengu reavers
  An eldritch tentacle (Pan)
  Donald (Elf:1)
  9 shadow dragons
  8 draconian monks
  3 revenants (Crypt:1)
  7 draconian knights
  Roxanne (Elf:3)
  9 azure jellies
  15 demonspawn warmongers (Pan)
  3 nagarajas
  21 daevas
  6 rockslimes
  24 fire giants
  19 storm dragons
  A fenstrider witch (Swamp:4)
  The ghost of Pooter the Severer, a journeyman MiBe of Trog (Elf:1)
  5 deep elf sorcerers
  7 orc warlords
  8 iron dragons
  9 frost giants
  29 cacodemons
  29 angels
  15 vault wardens
  7 curse skulls
  6 draconian shifters
  10 quicksilver elementals
  Aizul (Snake:4)
  63 balrugs
  11 draconian scorchers
  5 ghost moths
  5 deep elf elementalists
  21 quicksilver oozes
  22 reapers
  24 stone giants
  12 draconian annihilators
  6 draconian stormcallers
  10 ghouls
  23 war gargoyles
  21 demonspawn corrupters (Pan)
  22 ironbound preservers
  A spriggan defender (Depths:2)
  68 very ugly things
  16 demonspawn blood saints (Pan)
  13 ironbound thunderhulks
  A putrid mouth (Geh:3)
  27 apis (Pan)
  12 green draconians
  13 ophanim (Pan)
  7 deep elf demonologists
  19 red draconians
  An eleionoma (Swamp:4)
  15 vampire knights
  11 black draconians
  5 deep elf annihilators (Elf:3)
  The ghost of jlumianski the Cleaver, a journeyman DsFi of Qazlal (D:14)
  3 bunyips
  2 entropy weavers
  15 demonspawn black suns (Pan)
  A minotaur (Gauntlet)
  16 lorocyprocas
  15 white draconians
  17 yellow draconians
  36 purple draconians
  20 iron golems
  5 spark wasps
  19 dire elephants
  7 eidola
  30 green deaths (Pan)
  Snorg (D:10)
  21 ettins
  40 blizzard demons
  A merfolk javelineer (Depths:3)
  5 deep elf high priests
  5 crystal guardians
  Josephine (Lair:5)
  10 deep elf death magi
  13 yaktaur captains
  16 fire dragons
  11 great orbs of eyes
  A shambling mangrove (Swamp:1)
  A quicksilver dragon zombie (Vaults:5)
  8 rakshasas
  33 vault guards
  10 jiangshi
  Harold (D:11)
  3 peacekeepers
  9 ghost crabs
  A spriggan zombie (Crypt:1)
  8 boulder beetles
  11 ice dragons
  A quicksilver dragon skeleton (Pan)
  Erolcha (Orc:2)
  13 salamander tyrants
  10 hydras
  19 hell beasts
  5 catoblepae
  14 anacondas
  3 death knights
  11 ironbound frosthearts
  3 spriggan skeletons
  A boulder beetle (shapeshifter) (Depths:4)
  2 ogre magi
  16 two-headed ogres
  6 centaur warriors
  11 spriggan air magi
  10 stokers
  6 alligators
  15 naga warriors
  2 thrashing horrors (Abyss:4)
  9 deep troll shamans
  5 death yaks (Lair:6)
  11 tengu warriors
  45 hell hogs
  8 vampire magi
  16 deep troll earth magi
  A death scarab (Gauntlet)
  2 titan zombies (Depths:3)
  13 naga sharpshooters
  67 soul eaters
  4 orc high priests (Orc:2)
  7 spriggan berserkers (Depths:2)
  7 shock serpents
  Sonja (Lair:3)
  17 deep elf knights
  119 sun demons
  Amaemon (Lair:3)
  A titan skeleton (Crypt:1)
  23 hell knights
  7 goliath frogs
  32 sixfirhies
  6 iron trolls
  A wretched star (Abyss:5)
  10 shadow wraiths
  21 skeletal warriors
  18 crystal echidnas
  5 salamander mystics
  A storm dragon skeleton (Crypt:1)
  6 spectral hydras
  2 swamp dragons
  A sea snake (shapeshifter) (Vaults:5)
  An orange crystal statue (Gauntlet)
  12 cherubim (Pan)
  4 glowing orange brains
  3 death drakes (WizLab)
  7 bog bodies
  2 spriggan druids
  12 flayed ghosts
  8 deep elf archers
  2 lindwurms (Vaults:1)
  20 shadow demons (Pan)
  A steelbarb worm (shapeshifter) (Vaults:5)
  69 deep trolls
  14 wizards
  20 ironbound convokers
  A bunyip skeleton (Crypt:3)
  10 naga ritualists
  5 harpies (Vaults:2)
  29 deep elf pyromancers
  A mana viper (shapeshifter) (Depths:2)
  10 phantasmal warriors
  19 orc knights
  4 shining eyes
  15 mana vipers
  A worldbinder (Abyss:4)
  An oklob plant (Lair:4)
  8 necromancers
  27 deep elf zephyrmancers
  6 manticores
  A sphinx skeleton (Depths:3)
  3 will-o-the-wisps (Swamp:4)
  2 shadow dragon skeletons (Crypt:1)
  A moth of wrath (shapeshifter) (Depths:2)
  A goliath frog skeleton (Crypt:3)
  2 salamanders (shapeshifter)
  37 ugly things
  2 stone giant skeletons
  26 moths of wrath
  6 cyclopes
  A wolf spider (shapeshifter) (Depths:2)
  15 salamanders
  5 elephants
  7 orc sorcerers
  2 guardian serpents (shapeshifter) (Elf:1)
  119 smoke demons
  3 apocalypse crabs (WizLab)
  5 guardian serpents
  19 vault sentinels
  3 eyes of devastation
  47 black mambas
  12 rust devils
  A frost giant skeleton (Crypt:3)
  7 naga magi
  Maggie (Lair:1)
  Joseph (Lair:1)
  A black mamba (shapeshifter) (Elf:1)
  45 orange demons
  7 cane toads
  A cane toad (shapeshifter) (Elf:1)
  3 centaur skeletons
  A swamp worm zombie (Swamp:4)
  29 hellions
  2 yaktaur skeletons (Vaults:5)
  A green draconian zombie (Crypt:1)
  14 efreet
  A white draconian zombie (Crypt:1)
  A yaktaur (shapeshifter) (Vaults:4)
  41 yaktaurs
  6 tengu conjurers
  42 hellwings (Pan)
  4 rime drakes
  5 komodo dragons
  27 tormentors
  A sea snake zombie (Crypt:3)
  6 freezing wraiths
  5 ice devils
  41 demonic crawlers
  A catoblepas skeleton (Crypt:2)
  A meliai (shapeshifter) (Elf:1)
  A silent spectre (Abyss:4)
  16 red devils
  6 hydra zombies (Swamp:4)
  3 ancient zymes (Abyss:4)
  9 hornets
  4 trolls
  A troll (shapeshifter) (Elf:1)
  A bloated husk (Swamp:4)
  17 wind drakes
  9 tyrant leeches
  A polar bear (Lair:6)
  Prince Ribbit (D:8)
  A jumping spider zombie (Crypt:2)
  13 blink frogs (Lair:3)
  A death drake skeleton (Crypt:2)
  2 harpy skeletons (Pan)
  2 spectral swamp dragons (Swamp:4)
  A dream sheep (shapeshifter) (Depths:2)
  An elf zombie (Vaults:5)
  6 alligator zombies (Swamp:4)
  144 slime creatures
  A moth of wrath zombie (Crypt:3)
  2 raiju (Abyss:5)
  An ettin zombie (Crypt:3)
  17 flying skulls
  87 large abominations
  A fire dragon skeleton (Crypt:3)
  A vampire (D:10)
  Sigmund (D:2)
  A culicivora (Vaults:5)
  13 air elementals
  17 starcursed masses (Abyss:4)
  2 spriggans (shapeshifter)
  7 water elementals
  A wind drake zombie (Crypt:3)
  9 spriggans
  48 yaks
  A yak (shapeshifter) (Elf:1)
  90 ynoxinuls (Pan)
  An ice dragon skeleton (Crypt:3)
  5 wyverns
  12 wraiths
  An ettin skeleton (Abyss:4)
  5 golden eyes
  57 neqoxecs
  4 steam dragons
  9 humans (D:14)
  5 redbacks (Vaults:5)
  7 basilisks
  A redback (shapeshifter) (Vaults:4)
  13 vampire mosquitoes
  53 chaos spawn
  30 nagas
  A harpy simulacrum (Crypt:1)
  5 acid dragons
  15 wargs
  16 swamp worms
  A demonspawn skeleton (Pan)
  18 water moccasins
  A floating eye (shapeshifter) (Vaults:5)
  4 floating eyes
  A water nymph skeleton (Crypt:2)
  3 hell hounds
  A swamp drake (Swamp:1)
  50 orc warriors
  A black bear (shapeshifter) (Elf:1)
  An ice beast (D:5)
  2 black bears
  A deep troll skeleton (Crypt:1)
  A swamp dragon zombie (Swamp:4)
  A sky beast (D:8)
  An elf simulacrum (Vaults:5)
  15 ogres
  A boggart (Vaults:3)
  A dream sheep skeleton (Crypt:3)
  24 wolves
  A swamp dragon skeleton (Crypt:1)
  13 centaurs
  5 phantoms
  A kobold brigand (D:10)
  Blork the orc (D:6)
  5 necrophages
  8 bullfrogs
  5 scorpions
  12 wights
  A polar bear zombie (Crypt:2)
  A troll zombie (Crypt:1)
  A raiju skeleton (Crypt:1)
  A polar bear skeleton (Crypt:3)
  10 howler monkeys
  2 quasits
  7 crimson imps (Pan)
  6 jellies
  36 orc priests
  4 gnoll shamans
  2 hounds (D:5)
  5 iguanas
  A spectral swamp drake (Swamp:4)
  Natasha (D:2)
  23 orc wizards
  A sky beast zombie (Crypt:2)
  An acid dragon skeleton (Crypt:3)
  A mummy (Crypt:1)
  18 gnolls
  8 adders
  A shadow imp (D:6)
  2 white imps
  A worm (D:4)
  A dart slug (D:1)
  131 orcs
  5 bats
  12 endoplasms
  6 giant cockroaches
  13 goblins
  3 hobgoblins
  7 jackals
  18 kobolds
  4 quokkas
  8 ball pythons
  A ball python skeleton (Crypt:3)
  4 frilled lizards
  A hobgoblin skeleton (Crypt:2)
  An orc skeleton (Crypt:1)
  5 rats
  2 ball lightnings (Pan)
  5 creeping infernos
  25 fire vortices
  A starspawn tentacle (Abyss:4)
4512 creatures vanquished.

Vanquished Creatures (collateral kills)
  the Royal Jelly (Slime:5)
  A titan (Pan)
  Asterion (Vaults:1)
  A nagaraja (Snake:4)
  An azure jelly (Slime:5)
  2 daevas (Pan)
  A rockslime (Slime:5)
  A balrug (Geh:3)
  A putrid mouth (Geh:3)
  A salamander tyrant (Snake:4)
  A cherub (Pan)
  A naga mage (Snake:4)
  2 nagas (Snake:4)
  3 ball lightnings (Pan)
18 creatures vanquished.

Vanquished Creatures (others)
  A golden dragon (Depths:3)
  A tentacled monstrosity (Zot:4)
  A searing wretch (Geh:7)
  A draconian knight (Zot:4)
  2 fire giants
  2 balrugs
  A draconian stormcaller (Zot:2)
  An ironbound thunderhulk (Vaults:2)
  A lorocyproca (Pan)
  A vault guard (D:14)
  A spriggan air mage (WizLab)
  An anaconda (Snake:4)
  A naga warrior (Snake:4)
  29 dancing weapons
  An alligator (Swamp:2)
  A shock serpent (WizLab)
  A phantasmal warrior (Swamp:4)
  An apocalypse crab (WizLab)
  A black mamba (Snake:4)
  2 tormentors
  2 bloated husks
  A wind drake (Pan)
  2 ynoxinuls (Pan)
  3 chaos spawn (Pan)
  8 nagas
  A swamp worm (Swamp:2)
  A phantom (Swamp:4)
  A crimson imp (Pan)
  An orc wizard (Vaults:5)
  22 ball lightnings (Pan)
  4 creeping infernos
  A fire vortex (Geh:1)
  20 foxfires (Swamp:4)
  12 fungi
  74 plants
  4 starspawn tentacles
  A withered plant (Gauntlet)
209 creatures vanquished.

Grand Total: 4739 creatures vanquished

Notes
Turn   | Place    | Note
-------+----------+-------------------------------------------
     0 | D:1      | davecave the Minotaur Fighter began the quest for the Orb.
     0 | D:1      | Reached XP level 1. HP: 19/19 MP: 0/0
   109 | D:1      | Identified 3 scrolls of acquirement
   109 | D:1      | Acquired the ring "Viarremo" {rElec rPois Str+6 Slay+2}
   122 | D:1      | Reached XP level 2. HP: 27/27 MP: 1/1
   434 | D:1      | Reached XP level 3. HP: 33/33 MP: 2/2
  1218 | D:2      | Noticed Sigmund
  1235 | D:2      | Killed Sigmund
  1236 | D:2      | Reached skill level 5 in Armour
  1236 | D:2      | Reached XP level 4. HP: 23/41 MP: 3/3
  1236 | D:2      | Reached XP level 5. HP: 27/47 MP: 4/4
  1401 | D:2      | Reached skill level 5 in Shields
  1408 | D:2      | Noticed Natasha
  1414 | D:2      | Killed Natasha
  1415 | D:2      | Reached skill level 5 in Fighting
  1853 | D:3      | Reached XP level 6. HP: 56/56 MP: 5/5
  1948 | D:3      | Reached skill level 5 in Polearms
  2015 | D:3      | Found an iron altar of Okawaru.
  2090 | D:3      | Acquired 724 gold pieces
  2092 | D:3      | Acquired the +11 crystal plate armour of Upegike {rPois
                  | Stlth+}
  2164 | D:3      | Found a faded altar of an unknown god.
  2691 | D:4      | Found a staircase to the Ecumenical Temple.
  2748 | Temple   | Entered the Ecumenical Temple
  2954 | Temple   | Became a worshipper of Gozag Ym Sagoz the Greedy
  3234 | D:5      | Entered Level 5 of the Dungeon
  3272 | D:5      | Reached XP level 7. HP: 61/61 MP: 6/6
  3711 | D:5      | Found a blossoming altar of Fedhas.
  4136 | D:5      | Reached XP level 8. HP: 68/68 MP: 7/7
  4670 | D:6      | Noticed Blork the orc
  4678 | D:6      | Killed Blork the orc
  4679 | D:6      | Reached skill level 10 in Polearms
  4940 | D:6      | Found a snail-covered altar of Cheibriados.
  4985 | D:6      | Found a basalt altar of Yredelemnul.
  5363 | D:7      | Noticed a hornet
  5366 | D:7      | Paralysed by a hornet for 3 turns
  5385 | D:7      | Killed a hornet
  5918 | D:7      | Reached XP level 9. HP: 34/75 MP: 8/8
  6621 | D:8      | Found a white marble altar of Elyvilon.
  6644 | D:8      | Noticed Prince Ribbit
  6659 | D:8      | Killed Prince Ribbit
  6921 | D:8      | Reached skill level 10 in Fighting
  7262 | D:8      | Found Guptilun's Weapon Boutique.
  7284 | D:8      | Noticed an oklob plant
  7285 | D:8      | Noticed an oklob plant
  7285 | D:8      | Noticed an oklob plant
  7285 | D:8      | Paralysed by a floating eye for 3 turns
  7288 | D:8      | Noticed an oklob plant
  7292 | D:8      | Paralysed by a floating eye for 2 turns
  7771 | D:8      | Paralysed by a floating eye for 2 turns
  8123 | D:9      | Reached XP level 10. HP: 92/97 MP: 9/9
  8456 | D:9      | Found a glowing golden altar of the Shining One.
  8477 | D:9      | Noticed a two-headed ogre
  8495 | D:9      | Killed a two-headed ogre
  8619 | D:9      | Found a sparkling altar of Nemelex Xobeh.
  9077 | D:4      | Bought a potion of heal wounds for 135 gold pieces
  9077 | D:4      | Bought a scroll labelled UBAVUU MINIUXT for 27 gold pieces
  9077 | D:4      | Bought a silvery potion for 24 gold pieces
  9077 | D:4      | Bought a scroll of identify for 54 gold pieces
  9077 | D:4      | Acquired the +2 pair of gloves of Ipsomm {rF+}
  9526 | D:10     | Entered Level 10 of the Dungeon
  9906 | D:10     | Found a shimmering altar of Xom.
  9917 | D:10     | Noticed a two-headed ogre
  9928 | D:10     | Killed a two-headed ogre
  9984 | D:10     | Found a runed translucent door.
  9985 | D:10     | Noticed a sixfirhy
 10164 | D:10     | Found a staircase to the Orcish Mines.
 11054 | D:10     | Killed a sixfirhy
 11055 | D:10     | Reached XP level 11. HP: 62/107 MP: 10/10
 11245 | D:11     | Noticed a two-headed ogre
 11258 | D:10     | Killed a two-headed ogre
 11584 | D:11     | Found a staircase to the Lair.
 11584 | D:11     | Noticed Snorg
 11620 | D:10     | Killed Snorg
 11896 | D:11     | Noticed Harold
 11914 | D:11     | Killed Harold
 11949 | D:11     | Reached skill level 5 in Evocations
 12421 | D:12     | Noticed a deep elf pyromancer
 12438 | D:12     | Killed a deep elf pyromancer
 13311 | D:12     | Noticed a five-headed hydra
 13321 | D:12     | Killed a five-headed hydra
 13737 | D:13     | Noticed a two-headed ogre
 13751 | D:13     | Killed a two-headed ogre
 13801 | D:13     | Reached skill level 5 in Dodging
 13801 | D:13     | Reached XP level 12. HP: 106/115 MP: 11/11
 14047 | D:13     | Noticed a boulder beetle
 14086 | D:13     | Killed a boulder beetle
 14161 | D:13     | Found an iron altar of Okawaru.
 14164 | D:13     | Noticed a boulder beetle
 14211 | D:13     | Killed a boulder beetle
 15091 | D:14     | Found Xyfoc's General Store.
 15109 | D:14     | Bought a wand of mindburst (8) for 192 gold pieces
 15109 | D:14     | Bought a scroll of fear for 56 gold pieces
 15109 | D:14     | Bought a potion of curing for 48 gold pieces
 15109 | D:14     | Bought a wand of iceblast (3) for 112 gold pieces
 15117 | D:14     | Found a gate leading to a gauntlet.
 15127 | Gauntlet | Entered a Gauntlet
 15127 | Gauntlet | Found a transporter.
 15127 | Gauntlet | Found a transporter.
 15128 | Gauntlet | Noticed a death scarab
 15135 | Gauntlet | Found a transporter.
 15139 | Gauntlet | Found a transporter.
 15152 | Gauntlet | Found a transporter.
 15153 | Gauntlet | Found a transporter.
 15165 | Gauntlet | Found a transporter.
 15170 | Gauntlet | Found a runed translucent door.
 15177 | Gauntlet | Found a transporter.
 15191 | Gauntlet | Found a transporter.
 15195 | Gauntlet | Found a transporter.
 15197 | Gauntlet | Noticed a tengu warrior
 15207 | Gauntlet | Found a transporter.
 15211 | Gauntlet | Found a transporter.
 15260 | Gauntlet | Killed a death scarab
 15269 | Gauntlet | Identified the ring "Wojynyav" {Will+ AC+4}
 15563 | Gauntlet | Killed a tengu warrior
 15741 | Gauntlet | Noticed a tengu warrior
 15798 | Gauntlet | Reached skill level 10 in Dodging
 15898 | Gauntlet | Identified the +10 flail of the Poles {vorpal, rPois Int-5
                  | Dex+2}
 15898 | Gauntlet | Identified the +5 scale mail of the Villain {rElec Str+4
                  | SInv Stlth-}
 15898 | Gauntlet | Noticed a minotaur
 15929 | Gauntlet | Killed a minotaur
 15939 | Gauntlet | Got the Grimoire of Changing
 15945 | Gauntlet | Identified the +0 steam dragon scales of Qikk {Int+3
                  | Stlth+}
 16211 | D:14     | Noticed a tengu warrior
 16211 | D:14     | Noticed a tengu warrior
 16239 | D:14     | Killed a tengu warrior
 16247 | D:14     | Killed a tengu warrior
 16355 | D:14     | Noticed a catoblepas
 16396 | D:14     | Killed a catoblepas
 16465 | D:14     | Killed a vault guard
 16587 | D:14     | Noticed a two-headed ogre
 16598 | D:14     | Killed a two-headed ogre
 16599 | D:14     | Reached skill level 10 in Armour
 16599 | D:14     | Reached skill level 10 in Shields
 16777 | D:14     | Found a runed translucent door.
 16777 | D:14     | Found a shimmering altar of Xom.
 16777 | D:14     | Noticed jlumianski's ghost (journeyman DsFi)
 16777 | D:14     | Identified the +6 executioner's axe "Zizisoc" {chaos, rC+}
 16791 | D:14     | Found an opulent altar of Gozag.
 16841 | D:14     | Noticed a centaur warrior
 16854 | D:14     | Killed a centaur warrior
 16855 | D:14     | Reached XP level 13. HP: 119/122 MP: 12/12
 17130 | D:14     | Found a gate to the Vaults.
 17601 | D:15     | Entered Level 15 of the Dungeon
 17690 | D:15     | Found a shimmering blue altar of Sif Muna.
 17738 | D:15     | Found Votedeim's Magic Scroll Shoppe.
 17745 | D:15     | Bought a scroll of silence for 127 gold pieces
 17745 | D:15     | Bought a scroll of identify for 34 gold pieces
 17745 | D:15     | Bought a scroll of identify for 34 gold pieces
 17745 | D:15     | Bought a scroll of identify for 34 gold pieces
 17745 | D:15     | Bought a scroll of fog for 34 gold pieces
 19607 | D:15     | Found a staircase to the Depths.
 19607 | D:15     | Noticed a stone giant
 19629 | D:15     | Killed a stone giant
 19716 | D:15     | Found a stormy altar of Qazlal.
 20281 | D:4      | Bought an ancient fustibalus for 600 gold pieces
 20281 | D:4      | Identified the +8 fustibalus of the Painted God {speed,
                  | Contam Int+4 Dex+7} (You bought it in a shop on level 4 of
                  | the Dungeon)
 20281 | D:4      | Bought a twisted hunting sling for 195 gold pieces
 20281 | D:4      | Identified the +7 hunting sling of Oozing Pus {vorpal,
                  | Str-4 Dex+3} (You bought it in a shop on level 4 of the
                  | Dungeon)
 20593 | Orc:1    | Entered Level 1 of the Orcish Mines
 20619 | Orc:1    | Noticed an orc warlord
 20623 | Orc:1    | Noticed an orc warlord
 20655 | Orc:1    | Reached skill level 15 in Shields
 20684 | D:10     | Killed an orc warlord
 21373 | Orc:1    | Killed an orc warlord
 21650 | Orc:2    | Entered Level 2 of the Orcish Mines
 22074 | Orc:2    | Reached XP level 14. HP: 99/126 MP: 13/13
 22905 | Orc:2    | Noticed Erolcha
 22923 | Orc:2    | Killed Erolcha
 23022 | Orc:2    | Reached skill level 15 in Fighting
 23022 | Orc:2    | Found the +15 Maxwell's patent armour {-Cast -Tele rElec
                  | Will+ rCorr}
 23111 | Orc:2    | Noticed an orc warlord
 23687 | Orc:2    | Killed an orc warlord
 23945 | Orc:2    | Found Haar's Assorted Antiques.
 24258 | Orc:2    | Found Cichyil's General Store.
 24562 | Orc:2    | Found a staircase to the Elven Halls.
 24988 | Orc:2    | Noticed an orc warlord
 25025 | Orc:2    | Killed an orc warlord
 25337 | Orc:2    | Found Jetz's Armour Boutique.
 25351 | Orc:2    | Found Gunyifuu's Antique Armour Shop.
 26030 | D:4      | Bought a condenser vane for 800 gold pieces
 26145 | Lair:1   | Entered Level 1 of the Lair of Beasts
 26145 | Lair:1   | Noticed Joseph
 26153 | Lair:1   | Killed Joseph
 26320 | Lair:1   | Noticed Maggie
 26336 | Lair:1   | Killed Maggie
 27179 | Lair:2   | Found a staircase to the Swamp.
 27847 | Lair:3   | Found a staircase to the Snake Pit.
 27857 | Lair:3   | Noticed Amaemon
 27897 | Lair:3   | Killed Amaemon
 28548 | Lair:3   | Noticed Sonja
 28576 | Lair:3   | Killed Sonja
 28577 | Lair:3   | Reached XP level 15. HP: 60/147 MP: 14/14
 29077 | Lair:3   | Reached skill level 10 in Evocations
 30207 | D:14     | Killed jlumianski's ghost
 30229 | D:14     | Paralysed by a +6 executioner's axe "Zizisoc" {chaos, rC+}
                  | for 2 turns
 30685 | D:14     | Identified the +6 scythe of the Endless March {venom,
                  | Will+}
 31031 | Lair:5   | Noticed Josephine
 31049 | Lair:5   | Killed Josephine
 31325 | Lair:5   | Found a staircase to the Slime Pits.
 31866 | Lair:6   | Entered Level 6 of the Lair of Beasts
 33856 | Swamp:1  | Entered Level 1 of the Swamp
 34056 | D:4      | Bought a smoking broad axe for 207 gold pieces
 34056 | D:4      | Identified the +9 broad axe of Death {vorpal, +Blink Dex+3}
                  | (You bought it in a shop on level 4 of the Dungeon)
 34319 | Swamp:1  | Reached skill level 1 in Axes
 34996 | Swamp:1  | Reached skill level 5 in Axes
 36134 | Swamp:2  | Reached XP level 16. HP: 145/155 MP: 15/15
 37639 | Swamp:3  | Reached skill level 10 in Axes
 37692 | Swamp:3  | Identified the +5 great mace of Dithmenos's Hope {flame,
                  | *Slow rN++ Dex+4}
 38109 | Swamp:4  | Entered Level 4 of the Swamp
 38115 | Swamp:4  | Paralysed by a fenstrider witch for 2 turns
 40767 | Swamp:4  | Noticed a bone dragon
 40780 | Swamp:4  | Killed a bone dragon
 40852 | Swamp:4  | Got a decaying rune of Zot
 41681 | Vaults:1 | Entered Level 1 of the Vaults
 41950 | Vaults:1 | Reached skill level 15 in Axes
 42114 | Vaults:1 | Found Wupagrog's Weapon Shop.
 42154 | Vaults:1 | Found Eraxter's Distillery.
 42162 | Vaults:1 | Bought a potion of heal wounds for 85 gold pieces
 42162 | Vaults:1 | Bought a potion of invisibility for 136 gold pieces
 42162 | Vaults:1 | Bought a potion of curing for 51 gold pieces
 42162 | Vaults:1 | Bought a potion of might for 68 gold pieces
 42162 | Vaults:1 | Bought a potion of mutation for 136 gold pieces
 42162 | Vaults:1 | Bought a potion of berserk rage for 85 gold pieces
 42162 | Vaults:1 | Bought a potion of curing for 51 gold pieces
 42162 | Vaults:1 | Bought a potion of might for 68 gold pieces
 42242 | Vaults:1 | Reached XP level 17. HP: 37/161 MP: 16/16
 42747 | Vaults:1 | Found Sunobuy's Distillery.
 42750 | Vaults:1 | Noticed Sojobo
 42751 | Vaults:1 | Noticed Asterion
 42790 | Vaults:1 | Killed Asterion
 43288 | D:4      | Bought a scroll of brand weapon for 400 gold pieces
 43293 | D:4      | Bought a scroll of brand weapon for 400 gold pieces
 43561 | Vaults:1 | Paralysed by an air elemental for 1 turns
 43563 | Vaults:1 | Killed Sojobo
 43577 | Vaults:1 | Bought 2 potions of mutation for 192 gold pieces
 43577 | Vaults:1 | Bought 2 potions of heal wounds for 120 gold pieces
 43939 | Vaults:1 | Found Yging's Antique Weapon Emporium.
 44641 | Vaults:1 | Found Cokhast's Antique Armour Shoppe.
 45921 | Vaults:2 | Noticed Mennas
 45973 | Vaults:2 | Killed Mennas
 46400 | Vaults:2 | Reached XP level 18. HP: 172/182 MP: 17/17
 47275 | Vaults:3 | Found a magical portal.
 47347 | WizLab   | Entered The Chambers of the Cloud Mage
 47413 | WizLab   | Reached skill level 15 in Armour
 47419 | WizLab   | Paralysed by an air elemental for 1 turns
 48080 | WizLab   | Paralysed by an air elemental for 1 turns
 48423 | WizLab   | Noticed Humefol
 48442 | WizLab   | Killed Humefol the Cloud Mage
 48726 | WizLab   | Paralysed by an air elemental for 1 turns
 48740 | WizLab   | Got Pyqiczyu's Volume of Flight
 48763 | WizLab   | Identified the ring "Joxe" {Fly Str+4 Dex-3}
 48894 | Vaults:3 | You are sucked into a shaft and drop 1 floor!
 49287 | Vaults:4 | Noticed Boris
 49301 | Vaults:4 | Killed Boris
 49663 | Vaults:4 | Reached XP level 19. HP: 103/189 MP: 18/18
 50772 | Vaults:4 | Found Caeliegae's Magic Scroll Shop.
 50779 | Vaults:4 | Bought a scroll of teleportation for 60 gold pieces
 50779 | Vaults:4 | Bought a scroll of teleportation for 60 gold pieces
 50779 | Vaults:4 | Bought a scroll of fear for 70 gold pieces
 50779 | Vaults:4 | Bought a scroll of teleportation for 60 gold pieces
 50779 | Vaults:4 | Bought a scroll of teleportation for 60 gold pieces
 50779 | Vaults:4 | Bought a scroll of blinking for 150 gold pieces
 51477 | Vaults:3 | Reached skill level 1 in Stealth
 51520 | Vaults:3 | Cast into level 3 of the Abyss (a wizard)
 51699 | Abyss:4  | Reached XP level 20. HP: 94/199 MP: 19/19
 51699 | Abyss:4  | Reached XP level 21. HP: 98/206 MP: 20/20
 51699 | Abyss:4  | Got an abyssal rune of Zot
 51810 | Abyss:4  | Paralysed by accursed screaming for 1 turns
 51868 | Vaults:3 | Escaped the Abyss
 52469 | Vaults:3 | Reached skill level 5 in Stealth
 52605 | Vaults:3 | Found a staircase to the Crypt.
 52605 | Vaults:3 | Found an ancient bone altar of Kikubaaqudgha.
 52605 | Vaults:3 | Found a basalt altar of Yredelemnul.
 52642 | Vaults:3 | Noticed Frederick
 52662 | Vaults:3 | Killed Frederick
 53222 | Vaults:3 | Acquired the +0 pair of boots of Untruth {Regen+ Dex+3}
 53614 | Vaults:3 | Noticed Zenata
 53629 | Vaults:3 | Killed Zenata
 53952 | Vaults:5 | Entered Level 5 of the Vaults
 53970 | Vaults:5 | Noticed an ancient lich
 53983 | Vaults:5 | Noticed a dread lich
 53990 | Vaults:5 | Killed an ancient lich
 53994 | Vaults:5 | Reached XP level 22. HP: 175/220 MP: 21/21
 54038 | Vaults:5 | Paralysed by a dread lich for 3 turns
 54044 | Vaults:5 | Noticed a golden dragon
 54044 | Vaults:5 | Noticed a golden dragon
 54048 | Vaults:5 | Killed a dread lich
 54343 | Vaults:5 | Noticed an ancient lich
 54347 | Vaults:5 | Killed a golden dragon
 54359 | Vaults:5 | Killed an ancient lich
 54437 | Vaults:5 | Killed a golden dragon
 54628 | Vaults:5 | Identified the +3 ring mail "Wanimuam" {Harm rN+ Stlth-}
 55037 | Vaults:5 | Identified the +1 scimitar of Awkwardness {speed, Dex+4}
 55171 | Vaults:5 | Got a silver rune of Zot
 55348 | Vaults:5 | Noticed a golden dragon
 55369 | Vaults:5 | Killed a golden dragon
 56078 | Snake:1  | Entered Level 1 of the Snake Pit
 56455 | Snake:1  | Found a transporter.
 56460 | Snake:1  | Found a bloodstained altar of Trog.
 56471 | Snake:1  | Found a transporter.
 56655 | Snake:1  | Noticed Stoinky's ghost (journeyman MiAK)
 56682 | Snake:1  | Reached skill level 27 in Fighting
 57031 | Snake:1  | Found Pungetir's Jewellery Shoppe.
 57032 | Snake:1  | Found Kuad's Book Boutique.
 57032 | Snake:1  | Found Pubeiwk's Book Boutique.
 57130 | Snake:2  | Noticed Vashnia
 57148 | Snake:2  | Killed Vashnia
 57346 | Snake:2  | Found Kuis Zil's Armour Shop.
 57658 | Snake:3  | Reached XP level 23. HP: 239/240 MP: 22/22
 57857 | Snake:3  | Reached skill level 15 in Evocations
 58363 | D:4      | Bought a scroll of poison for 70 gold pieces
 58368 | D:4      | Bought a potion of cancellation for 160 gold pieces
 58368 | D:4      | Bought a potion of heal wounds for 100 gold pieces
 58368 | D:4      | Bought a potion of mutation for 160 gold pieces
 58368 | D:4      | Bought a potion of curing for 60 gold pieces
 58740 | Snake:4  | Entered Level 4 of the Snake Pit
 58815 | Snake:4  | Found Haisk's Armour Emporium.
 59364 | Snake:4  | Noticed Aizul
 59374 | Snake:4  | Killed Aizul
 59465 | Snake:4  | Noticed Nikola
 59511 | Snake:4  | Killed Nikola
 59717 | Snake:4  | Got a serpentine rune of Zot
 60382 | D:4      | Bought 2 potions of heal wounds for 310 gold pieces
 60609 | Elf:1    | Entered Level 1 of the Elven Halls
 60781 | Elf:1    | Noticed Donald
 60796 | Elf:1    | Killed Donald
 60981 | Elf:1    | Found Acierphet's General Store.
 61027 | Elf:1    | Bought a scroll of enchant weapon for 112 gold pieces
 61027 | Elf:1    | Bought a wand of flame (5) for 52 gold pieces
 61261 | Elf:1    | Found a runed translucent gate.
 61261 | Elf:1    | Found a runed translucent gate.
 61261 | Elf:1    | Found a runed translucent gate.
 61673 | Elf:1    | Found a runed translucent gate.
 61673 | Elf:1    | Found a runed translucent gate.
 61683 | Elf:1    | Found a runed translucent gate.
 61686 | Elf:1    | Noticed Pooter's ghost (journeyman MiBe)
 61706 | Elf:1    | Gained mutation: Your magical capacity is low. (-10% MP) [a
                  | cacodemon]
 61717 | Elf:1    | Killed Pooter's ghost
 61842 | Elf:1    | Identified the +0 pair of gloves of Kurump {rElec}
 62073 | Elf:2    | Found Wymiq's Magic Scroll Shop.
 62148 | Elf:2    | Bought a scroll of magic mapping for 38 gold pieces
 62148 | Elf:2    | Bought a scroll of blinking for 82 gold pieces
 62292 | Elf:2    | Paralysed by an air elemental for 1 turns
 62344 | Elf:2    | Reached XP level 24. HP: 249/249 MP: 19/19
 62347 | Elf:2    | Found a huge runed translucent gate.
 62347 | Elf:2    | Found a huge runed translucent gate.
 62347 | Elf:2    | Found a huge runed translucent gate.
 62347 | Elf:2    | Found a huge runed translucent gate.
 62347 | Elf:2    | Found a huge runed translucent gate.
 63008 | Elf:3    | Entered Level 3 of the Elven Halls
 63045 | Elf:3    | Noticed Mara
 63055 | Elf:3    | Noticed davecave's illusion
 63072 | Elf:3    | Killed Mara
 63159 | Elf:3    | Identified Roxanne's Almanac of Stones
 63159 | Elf:3    | Noticed Roxanne
 63170 | Elf:3    | Killed Roxanne
 63259 | Elf:3    | Noticed Saint Roka
 63292 | Elf:3    | Killed Saint Roka
 63432 | Elf:3    | Identified the +2 ring mail of the Clean Grue {Str+9}
 63449 | Elf:3    | Found a shimmering blue altar of Sif Muna.
 63988 | Elf:3    | Got the Volume of the Volcanoes
 64017 | Elf:3    | Identified the +1 great sword "Picokiun" {vamp, *Noise rC++
                  | Dex+3}
 64294 | Elf:3    | Identified the +0 plate armour of Wasted Space {rElec rPois
                  | Will- Stlth+}
 64645 | Depths:1 | Entered Level 1 of the Depths
 64674 | Depths:1 | Found a one-way gateway to a ziggurat.
 65082 | Depths:1 | Found a corrupted altar of Lugonu.
 65297 | Depths:1 | Found a gateway to Hell.
 65343 | Depths:1 | Gained mutation: You occasionally shout uncontrollably at
                  | your foes. [a neqoxec]
 65376 | Depths:1 | Found a one-way gate leading to the halls of Pandemonium.
 66002 | Depths:2 | Identified the +10 flail "Wipal" {spect, Str+2}
 66023 | Depths:2 | Identified the +9 mace of Lokav {speed, rC++ Dex+2}
 66291 | Depths:2 | Found a runed translucent door.
 66310 | Depths:2 | Found a runed translucent door.
 66310 | Depths:2 | Found a runed translucent door.
 66422 | Depths:2 | Identified the +4 scale mail of Hopscotch {rN+}
 66422 | Depths:2 | Identified the amulet of Fiehe {Reflect +Blink rElec Dex+3
                  | Slay-3 SH+5}
 66714 | Depths:2 | Identified the ring of Qoziam {Will+ Dex+3 SInv}
 66727 | Depths:2 | Got the Almanac of Feathers and Toxins
 66827 | Depths:2 | Reached XP level 25. HP: 257/257 MP: 19/19
 67249 | Depths:2 | Paralysed by a floating eye for 4 turns
 67369 | Depths:2 | Noticed a juggernaut
 67382 | Depths:2 | Killed a juggernaut
 68445 | Depths:2 | Identified the +1 leather armour "Civyecil" {rPois}
 68511 | Depths:3 | Noticed Boris
 68519 | Depths:3 | Killed Boris
 68530 | Depths:3 | Identified the +7 hunting sling "Ibruef" {vorpal, rF+}
 68623 | Depths:3 | Identified the +1 leather armour "Moozurid" {rElec rC-
                  | Str+3 Dex+5}
 68623 | Depths:3 | Identified the ring of Qioforik {rElec rN+ Will+ Int+4}
 69021 | Depths:3 | Found a one-way gate to the infinite horrors of the Abyss.
 69046 | Depths:3 | Identified the +2 ring mail of Xom's Grace {rElec rF++ rC+
                  | Str-2}
 69119 | Depths:3 | Reached skill level 27 in Shields
 69509 | D:4      | Bought a scroll of fear for 94 gold pieces
 69509 | D:4      | Bought a potion of mutation for 216 gold pieces
 69509 | D:4      | Bought a scroll of teleportation for 81 gold pieces
 69512 | D:4      | Bought a scroll of summoning for 199 gold pieces
 69512 | D:4      | Bought a scroll of fear for 73 gold pieces
 69512 | D:4      | Bought a scroll of blinking for 157 gold pieces
 69512 | D:4      | Bought a scroll of enchant armour for 157 gold pieces
 69512 | D:4      | Bought a scroll of enchant armour for 157 gold pieces
 69512 | D:4      | Bought a scroll of teleportation for 63 gold pieces
 69984 | Depths:3 | Found Kuonneun's Weapon Shop.
 70645 | Depths:4 | Entered Level 4 of the Depths
 70877 | Depths:4 | Reached XP level 26. HP: 243/266 MP: 19/19
 71034 | Depths:4 | Found a gate to the Realm of Zot.
 71286 | Depths:4 | Noticed Parghit
 71316 | Depths:4 | Killed Parghit
 72099 | Slime:1  | Entered Level 1 of the Pits of Slime
 73506 | Slime:1  | Gained mutation: You are clumsy. (Dex -2) [a shining eye]
 74459 | Slime:4  | Reached skill level 15 in Dodging
 75377 | Slime:5  | Entered Level 5 of the Pits of Slime
 75412 | Slime:5  | Paralysed by a floating eye for 3 turns
 75726 | Slime:5  | Noticed the Royal Jelly
 75943 | Slime:5  | Killed the Royal Jelly
 76043 | Slime:5  | Found the +9 staff of Wucad Mu {*channel}
 76053 | Slime:5  | Identified the ring "Lapyemm" {Wiz Fly rElec rF++ Str-5}
 76090 | Slime:5  | Got the Papyrus of the Unholy Glacier
 76158 | Slime:5  | Identified the +10 broad axe "Ankazish" {freeze, Dex+6}
 76178 | Slime:5  | Identified the +8 hand axe of Floods {drain, Stlth+}
 76180 | Slime:5  | Got a slimy rune of Zot
 76835 | D:4      | Bought the ring "Forget-Me-Not" {rC+ AC+4} for 800 gold
                  | pieces
 78628 | Crypt:1  | Entered Level 1 of the Crypt
 78654 | Crypt:1  | Noticed Bai Suzhen
 78694 | Crypt:1  | Killed Bai Suzhen
 79132 | Crypt:1  | Noticed a royal mummy
 79132 | Crypt:1  | Noticed a royal mummy
 79133 | Crypt:1  | Noticed Khufu
 79534 | Hell     | Entered the Vestibule of Hell
 79534 | Hell     | Noticed Geryon
 79878 | Hell     | Reached XP level 27. HP: 201/273 MP: 19/19
 79880 | Hell     | Killed Geryon
 80131 | Hell     | Found a gateway to the Iron City of Dis.
 80236 | Hell     | Found a gateway to the freezing wastes of Cocytus.
 80398 | Hell     | Found a gateway to the decaying netherworld of Tartarus.
 80562 | Hell     | Found a gateway to the ashen valley of Gehenna.
 80718 | Geh:1    | Entered Level 1 of Gehenna
 81524 | Hell     | Lost mutation: You are clumsy. (Dex -2) [potion of
                  | mutation]
 81524 | Hell     | Lost mutation: Your magical capacity is low. (-10% MP)
                  | [potion of mutation]
 81524 | Hell     | Lost mutation: You occasionally shout uncontrollably at
                  | your foes. [potion of mutation]
 81524 | Hell     | Gained mutation: Your mind is acute. (Int +2) [potion of
                  | mutation]
 81524 | Hell     | Gained mutation: You expend magic power (3 MP) to
                  | strengthen your wands. [potion of mutation]
 82096 | Zot:1    | Entered Level 1 of the Realm of Zot
 82096 | Zot:1    | Noticed an ancient lich
 82104 | Zot:1    | Killed an ancient lich
 85086 | D:4      | Bought a scroll of brand weapon for 540 gold pieces
 85094 | D:4      | Bought a scroll of brand weapon for 620 gold pieces
 87417 | Zot:3    | Noticed an orb of fire
 87426 | Zot:3    | Killed an orb of fire
 87808 | Zot:3    | Identified the +5 hand crossbow "Laiteex" {venom, Will-
                  | MP+9 Str+2 Stlth+}
 88889 | Zot:4    | Reached skill level 27 in Armour
 88893 | Zot:4    | Reached skill level 1 in Short Blades
 89047 | Zot:4    | Noticed an orb of fire
 89050 | Zot:4    | Gained mutation: Your body sometimes deteriorates upon
                  | taking damage. [an orb of fire]
 89055 | Zot:4    | Killed an orb of fire
 89088 | Zot:4    | Reached skill level 5 in Short Blades
 89518 | Zot:4    | Got the Collected Works on Ice and Dark Rituals
 89593 | Zot:5    | Entered Level 5 of the Realm of Zot
 89929 | Zot:5    | Noticed an ancient lich
 89957 | Zot:5    | Killed an ancient lich
 90278 | Zot:5    | Noticed an orb of fire
 90281 | Zot:5    | Gained mutation: You have hidden genetic defects. [an orb
                  | of fire]
 90281 | Zot:5    | Noticed an orb of fire
 90289 | Zot:5    | Noticed an orb of fire
 90290 | Zot:5    | Reached skill level 10 in Short Blades
 90293 | Zot:5    | Noticed an orb of fire
 90298 | Zot:5    | Gained mutation: You occasionally shout uncontrollably at
                  | your foes. [an orb of fire]
 90301 | Zot:5    | Noticed a dread lich
 90302 | Zot:5    | Noticed an orb of fire
 90314 | Zot:5    | Gained mutation: Armour fits poorly on your strangely
                  | shaped body. [an orb of fire]
 90320 | Zot:5    | Gained mutation: Potions are less effective at restoring
                  | your health. [an orb of fire]
 90466 | Zot:4    | Lost mutation: Potions are less effective at restoring your
                  | health. [potion of mutation]
 90466 | Zot:4    | Lost mutation: You have hidden genetic defects. [potion of
                  | mutation]
 90466 | Zot:4    | Lost mutation: Armour fits poorly on your strangely shaped
                  | body. [potion of mutation]
 90466 | Zot:4    | Gained mutation: Your system is resistant to poisons.
                  | (rPois) [potion of mutation]
 90466 | Zot:4    | Gained mutation: You are resistant to electric shocks.
                  | (rElec) [potion of mutation]
 90467 | Zot:4    | Lost mutation: You occasionally shout uncontrollably at
                  | your foes. [potion of mutation]
 90467 | Zot:4    | Lost mutation: Your system is resistant to poisons. (rPois)
                  | [potion of mutation]
 90467 | Zot:4    | Lost mutation: Your body sometimes deteriorates upon taking
                  | damage. [potion of mutation]
 90467 | Zot:4    | Gained mutation: You possess an exceptional clarity of
                  | mind. [potion of mutation]
 90467 | Zot:4    | Gained mutation: You have a pair of large horns on your
                  | head. [potion of mutation]
 90476 | Zot:5    | Gained mutation: Your magical capacity is low. (-10% MP)
                  | [an orb of fire]
 90487 | Zot:4    | Gained mutation: You are partially covered in iridescent
                  | scales. (AC +2) [an orb of fire]
 90494 | Zot:4    | Killed an orb of fire
 90497 | Zot:4    | Gained mutation: You are frail. (-10% HP) [an orb of fire]
 90507 | Zot:4    | Killed an orb of fire
 90509 | Zot:4    | Gained mutation: Potions are less effective at restoring
                  | your health. [an orb of fire]
 90513 | Zot:4    | Lost mutation: You possess an exceptional clarity of mind.
                  | [an orb of fire]
 90515 | Zot:4    | Killed an orb of fire
 90656 | Zot:4    | Lost mutation: Your mind is acute. (Int +2) [potion of
                  | mutation]
 90656 | Zot:4    | Lost mutation: You are partially covered in iridescent
                  | scales. (AC +2) [potion of mutation]
 90656 | Zot:4    | Gained mutation: Your body sometimes deteriorates upon
                  | taking damage. [potion of mutation]
 90656 | Zot:4    | Lost mutation: You are frail. (-10% HP) [potion of
                  | mutation]
 90656 | Zot:4    | Gained mutation: Your system is resistant to poisons.
                  | (rPois) [potion of mutation]
 90657 | Zot:4    | Lost mutation: You have a pair of large horns on your head.
                  | [potion of mutation]
 90657 | Zot:4    | Lost mutation: Potions are less effective at restoring your
                  | health. [potion of mutation]
 90657 | Zot:4    | Gained mutation: Armour fits poorly on your strangely
                  | shaped body. [potion of mutation]
 90657 | Zot:4    | Gained mutation: Your spells are a little harder to cast,
                  | but a little more powerful. [potion of mutation]
 90658 | Zot:4    | Lost mutation: Your system is resistant to poisons. (rPois)
                  | [potion of mutation]
 90658 | Zot:4    | Lost mutation: You expend magic power (3 MP) to strengthen
                  | your wands. [potion of mutation]
 90658 | Zot:4    | Lost mutation: Your spells are a little harder to cast, but
                  | a little more powerful. [potion of mutation]
 90658 | Zot:4    | Gained mutation: You are agile. (Dex +2) [potion of
                  | mutation]
 90659 | Zot:4    | Lost mutation: Armour fits poorly on your strangely shaped
                  | body. [potion of mutation]
 90659 | Zot:4    | Lost mutation: You are agile. (Dex +2) [potion of mutation]
 90659 | Zot:4    | Lost mutation: Your magical capacity is low. (-10% MP)
                  | [potion of mutation]
 90659 | Zot:4    | Gained mutation: Your spells are a little easier to cast,
                  | but a little less powerful. [potion of mutation]
 90659 | Zot:4    | Gained mutation: You are dopey. (Int -2) [potion of
                  | mutation]
 90659 | Zot:4    | Gained mutation: You possess an exceptional clarity of
                  | mind. [potion of mutation]
 90659 | Zot:4    | Gained mutation: You are robust. (+10% HP) [potion of
                  | mutation]
 90661 | Zot:5    | Gained mutation: You sometimes lose the ability to read
                  | scrolls when taking damage. [an orb of fire]
 90675 | Zot:4    | Gained mutation: You have supernaturally acute eyesight.
                  | (SInv) [an orb of fire]
 90681 | Zot:4    | Killed an orb of fire
 90684 | Zot:4    | Gained mutation: Your magical capacity is low. (-10% MP)
                  | [an orb of fire]
 90685 | Zot:4    | Gained mutation: Your magical capacity is very low. (-20%
                  | MP) [an orb of fire]
 90695 | Zot:4    | Killed an orb of fire
 90888 | Zot:5    | Killed a dread lich
 90904 | Zot:5    | Noticed an ancient lich
 90923 | Zot:5    | Killed an ancient lich
 91533 | Zot:5    | Noticed a dread lich
 91540 | Zot:5    | Paralysed by a dread lich for 3 turns
 91554 | Zot:5    | Killed a dread lich
 91851 | Zot:5    | Lost mutation: You have supernaturally acute eyesight.
                  | (SInv) [potion of mutation]
 91851 | Zot:5    | Lost mutation: You are robust. (+10% HP) [potion of
                  | mutation]
 91851 | Zot:5    | Lost mutation: Your magical capacity is very low. (-20% MP)
                  | [potion of mutation]
 91851 | Zot:5    | Lost mutation: You sometimes lose the ability to read
                  | scrolls when taking damage. [potion of mutation]
 91852 | Zot:5    | Lost mutation: Your spells are a little easier to cast, but
                  | a little less powerful. [potion of mutation]
 91852 | Zot:5    | Lost mutation: Your body sometimes deteriorates upon taking
                  | damage. [potion of mutation]
 91852 | Zot:5    | Gained mutation: You have hidden genetic defects. [potion
                  | of mutation]
 91852 | Zot:5    | Gained mutation: Your flesh is heat resistant. (rF+)
                  | [potion of mutation]
 91852 | Zot:5    | Gained mutation: Your body sometimes deteriorates upon
                  | taking damage. [potion of mutation]
 91853 | Zot:5    | Lost mutation: You are dopey. (Int -2) [potion of mutation]
 91853 | Zot:5    | Lost mutation: You are resistant to electric shocks.
                  | (rElec) [potion of mutation]
 91853 | Zot:5    | Lost mutation: You have hidden genetic defects. [potion of
                  | mutation]
 91853 | Zot:5    | Gained mutation: Your flesh is cold resistant. (rC+)
                  | [potion of mutation]
 91854 | Zot:5    | Lost mutation: Your flesh is heat resistant. (rF+) [potion
                  | of mutation]
 91854 | Zot:5    | Lost mutation: Your body sometimes deteriorates upon taking
                  | damage. [potion of mutation]
 91854 | Zot:5    | Lost mutation: You possess an exceptional clarity of mind.
                  | [potion of mutation]
 91854 | Zot:5    | Gained mutation: You possess an exceptional clarity of
                  | mind. [potion of mutation]
 91854 | Zot:5    | Lost mutation: Your flesh is cold resistant. (rC+) [potion
                  | of mutation]
 92745 | Vaults:3 | Killed a royal mummy
 92749 | Vaults:3 | Killed a royal mummy
 92920 | Vaults:3 | Killed Khufu
 93173 | Crypt:1  | Found a huge runed gate.
 93173 | Crypt:1  | Found a huge runed gate.
 93173 | Crypt:1  | Found a huge runed gate.
 93173 | Crypt:1  | Found a huge runed gate.
 93173 | Crypt:1  | Found a huge runed gate.
 93173 | Crypt:1  | Found a huge runed gate.
 93173 | Crypt:1  | Found a huge runed gate.
 93175 | Crypt:1  | Found a huge runed gate.
 93175 | Crypt:1  | Found a huge runed gate.
 93176 | Crypt:1  | Found a huge runed gate.
 93182 | Crypt:1  | Found a huge runed gate.
 93182 | Crypt:1  | Found a huge runed gate.
 93182 | Crypt:1  | Found a huge runed gate.
 93182 | Crypt:1  | Found a huge runed gate.
 93182 | Crypt:1  | Found a huge runed gate.
 93182 | Crypt:1  | Found a huge runed gate.
 93182 | Crypt:1  | Found a huge runed gate.
 93185 | Crypt:1  | Found a huge runed gate.
 93188 | Crypt:1  | Found a huge runed gate.
 93234 | Crypt:1  | Found a huge runed gate.
 93234 | Crypt:1  | Found a huge runed gate.
 93234 | Crypt:1  | Found a huge runed gate.
 93234 | Crypt:1  | Found a huge runed gate.
 93234 | Crypt:1  | Found a huge runed gate.
 93234 | Crypt:1  | Found a huge runed gate.
 93235 | Crypt:1  | Found a huge runed gate.
 93236 | Crypt:1  | Found a huge runed gate.
 93237 | Crypt:1  | Found a huge runed gate.
 93245 | Crypt:1  | Found a huge runed gate.
 93245 | Crypt:1  | Found a huge runed gate.
 93245 | Crypt:1  | Found a huge runed gate.
 93245 | Crypt:1  | Found a huge runed gate.
 93245 | Crypt:1  | Found a huge runed gate.
 93245 | Crypt:1  | Found a huge runed gate.
 93246 | Crypt:1  | Found a huge runed gate.
 93247 | Crypt:1  | Found a huge runed gate.
 93764 | Crypt:1  | Identified the +1 robe of Ante {rCorr SInv}
 93971 | Crypt:1  | Noticed a dread lich
 93971 | Crypt:1  | Noticed an ancient lich
 93972 | Crypt:1  | Noticed a dread lich
 93972 | Crypt:1  | Noticed a dread lich
 93972 | Crypt:1  | Noticed a dread lich
 93985 | Crypt:1  | Killed a dread lich
 94001 | Crypt:1  | Killed a dread lich
 94018 | Crypt:1  | Killed a dread lich
 94020 | Crypt:1  | Killed a dread lich
 94036 | Crypt:1  | Killed an ancient lich
 94758 | Crypt:2  | Paralysed by a floating eye for 3 turns
 94767 | Crypt:2  | Paralysed by a floating eye for 3 turns
 94778 | Crypt:2  | Paralysed by a floating eye for 4 turns
 94786 | Crypt:2  | Paralysed by a floating eye for 4 turns
 94799 | Crypt:2  | Paralysed by a floating eye for 3 turns
 94821 | Crypt:2  | Paralysed by a floating eye for 4 turns
 94831 | Crypt:2  | Paralysed by a floating eye for 4 turns
 94837 | Crypt:2  | Found an ancient bone altar of Kikubaaqudgha.
 97802 | Crypt:3  | Entered Level 3 of the Crypt
 97974 | Crypt:2  | Reached skill level 1 in Maces & Flails
 98256 | Crypt:3  | Noticed a dread lich
 98301 | Crypt:3  | Found the +7 sceptre of Torment {pain, torment}
 98323 | Crypt:3  | Found a staircase to the Tomb.
 98335 | Crypt:3  | Noticed Boris
 98346 | Crypt:3  | Killed Boris
 98783 | Crypt:3  | Killed a dread lich
 98829 | Crypt:3  | Identified the ring "Qirexuj" {rC- rN+ Int+7 Dex-3}
 98829 | Crypt:3  | Identified the ring of Kih Qikoqo {*Corrode rElec rN+
                  | Will+++ Str-5}
 98829 | Crypt:3  | Identified the ring "Olaqair" {rPois rF+ rC+ rN+}
 98837 | Crypt:3  | Identified the +6 mace of a sewer {holy, rC++ Int-5 Dex+2}
 99533 | D:4      | Bought the dreamshard necklace {*Dream Drain} for 3200 gold
                  | pieces
 99533 | D:4      | Found the dreamshard necklace {*Dream Drain}
101183 | Hell     | Reached skill level 1 in Spellcasting
102151 | Geh:4    | Reached skill level 5 in Spellcasting
103090 | Geh:7    | Entered Level 7 of Gehenna
104209 | Geh:7    | Found the +3 Elemental Staff {rElec rF++ rC++ AC+5}
104252 | Geh:7    | Identified the +1 robe of Unreason {Dex+7}
104257 | Geh:7    | Identified the +10 morningstar of Insomnia {vorpal, Fragile
                  | rN+ MP+9 Dex+4}
104265 | Geh:7    | Identified the +6 whip of Peucsal {vorpal, rF+}
104350 | Geh:7    | Found the +7 sceptre of Asmodeus
104350 | Geh:7    | Noticed Asmodeus
104379 | Geh:7    | Killed Asmodeus
104386 | Geh:7    | Got an obsidian rune of Zot
104802 | Pan      | Entered Pandemonium
105083 | Pan      | Acquired 824 gold pieces
105182 | Pan      | Noticed Setylyoc the pandemonium lord
105283 | Pan      | Cast into level 5 of the Abyss (Setylyoc)
105283 | Abyss:5  | Entered Level 5 of the Abyss
105450 | Pan      | Escaped the Abyss
105482 | Pan      | Killed Setylyoc the pandemonium lord
106082 | Pan      | Found an exit through the horrors of the Abyss.
106249 | Pan      | Noticed Linot the pandemonium lord
106288 | Pan      | Killed Linot the pandemonium lord
106644 | Pan      | Gained mutation: You occasionally shout uncontrollably at
                  | your foes. [a neqoxec]
107415 | Pan      | Found an exit through the horrors of the Abyss.
107438 | Pan      | Noticed Exeotwif the pandemonium lord
107439 | Pan      | Gained mutation: Your body sometimes deteriorates upon
                  | taking damage. [a neqoxec]
107451 | Pan      | Killed Exeotwif the pandemonium lord
108049 | Pan      | Lost mutation: You possess an exceptional clarity of mind.
                  | [a cacodemon]
108051 | Pan      | Gained mutation: Your body often deteriorates upon taking
                  | damage. [a cacodemon]
108220 | Pan      | Gained mutation: You sometimes lose the ability to read
                  | scrolls when taking damage. [a neqoxec]
108228 | Pan      | Lost mutation: You occasionally shout uncontrollably at
                  | your foes. [potion of mutation]
108228 | Pan      | Lost mutation: Your body often deteriorates upon taking
                  | damage. [potion of mutation]
108228 | Pan      | Gained mutation: You passively map a small area around you.
                  | [potion of mutation]
108228 | Pan      | Gained mutation: You expend magic power (3 MP) to
                  | strengthen your wands. [potion of mutation]
108228 | Pan      | Gained mutation: You have a beak for a mouth. [potion of
                  | mutation]
108229 | Pan      | Lost mutation: You sometimes lose the ability to read
                  | scrolls when taking damage. [potion of mutation]
108229 | Pan      | Lost mutation: Your body sometimes deteriorates upon taking
                  | damage. [potion of mutation]
108229 | Pan      | Gained mutation: You occasionally shout uncontrollably at
                  | your foes. [potion of mutation]
108229 | Pan      | Gained mutation: You are partially covered in iridescent
                  | scales. (AC +2) [potion of mutation]
109101 | Pan      | Gained mutation: You frequently scream uncontrollably at
                  | your foes. [a neqoxec]
109113 | Pan      | Noticed Plog the pandemonium lord
109153 | Pan      | Killed Plog the pandemonium lord
109814 | Pan      | Found a runed translucent door.
109834 | Pan      | Got a demonic rune of Zot
110156 | Pan      | Noticed Jejip the pandemonium lord
110183 | Pan      | Killed Jejip the pandemonium lord
110279 | Pan      | Gained mutation: You are clumsy. (Dex -2) [a cacodemon]
111174 | Pan      | Found an exit through the horrors of the Abyss.
111246 | Pan      | Noticed Yllacefy the pandemonium lord
111280 | Pan      | Killed Yllacefy the pandemonium lord
111988 | Depths:1 | Escaped Pandemonium
111989 | Depths:1 | Upgraded the game from 0.29-a0-451-gfbfa42419e to
                  | 0.29-a0-459-g97dee8cd24
111990 | Pan      | Entered Pandemonium
113124 | Pan      | Found a white marble altar of Elyvilon.
113185 | Pan      | Reached skill level 27 in Evocations
113933 | Pan      | Reached skill level 5 in Maces & Flails
114138 | Pan      | Identified the +7 tower shield of the Pits of Slime {rElec
                  | Str+4 Dex+4}
114178 | Pan      | Found a glowing silver altar of Zin.
114632 | Pan      | Identified the +8 tower shield of Bampaaxt {*Corrode Dex+5}
114860 | Pan      | Noticed a seraph
114935 | Pan      | Killed a seraph
114986 | Pan      | Found a glowing golden altar of the Shining One.
115003 | Pan      | Identified the +1 robe "Atraxkeb" {*Corrode rN++ Will-
                  | Int+3}
115221 | Depths:1 | Escaped Pandemonium
115784 | Pan      | Entered Pandemonium
115849 | Pan      | Noticed Qovosazuo the pandemonium lord
115907 | Pan      | Killed Qovosazuo the pandemonium lord
116243 | Pan      | Reached skill level 27 in Dodging
116311 | Pan      | Gained mutation: You do not regenerate when monsters are
                  | visible. [a neqoxec]
116331 | Pan      | Found an exit through the horrors of the Abyss.
116391 | Pan      | Reached skill level 10 in Spellcasting
116411 | Pan      | Lost mutation: You are clumsy. (Dex -2) [potion of
                  | mutation]
116411 | Pan      | Lost mutation: You frequently scream uncontrollably at your
                  | foes. [potion of mutation]
116411 | Pan      | Lost mutation: You occasionally shout uncontrollably at
                  | your foes. [potion of mutation]
116411 | Pan      | Gained mutation: You are weak. (Str -2) [potion of
                  | mutation]
116411 | Pan      | Gained mutation: You are agile. (Dex +2) [potion of
                  | mutation]
116412 | Pan      | Lost mutation: You expend magic power (3 MP) to strengthen
                  | your wands. [potion of mutation]
116412 | Pan      | Lost mutation: Your magical capacity is low. (-10% MP)
                  | [potion of mutation]
116412 | Pan      | Lost mutation: You do not regenerate when monsters are
                  | visible. [potion of mutation]
116412 | Pan      | Gained mutation: You sometimes lose the ability to read
                  | scrolls when taking damage. [potion of mutation]
116412 | Pan      | Gained mutation: You have large cloven feet. [potion of
                  | mutation]
117161 | Pan      | Gained mutation: Your spells are a little easier to cast,
                  | but a little less powerful. [a cacodemon]
117425 | Pan      | Found an exit through the horrors of the Abyss.
117852 | Pan      | Noticed Efuts the pandemonium lord
117864 | Pan      | Killed Efuts the pandemonium lord
117922 | Pan      | Identified the +2 cloak of Amelioration {+Inv Dex+4}
118135 | Pan      | Noticed Yteppi the pandemonium lord
118188 | Pan      | Killed Yteppi the pandemonium lord
118299 | Pan      | Reached skill level 10 in Maces & Flails
118703 | Pan      | Learned a level 6 spell: Statue Form
118706 | Pan      | Learned a level 2 spell: Wereblood
118716 | Pan      | Learned a level 9 spell: Shatter
118725 | Pan      | Learned a level 8 spell: Lehudib's Crystal Spear
118734 | Pan      | Learned a level 8 spell: Borgnjor's Revivification
118743 | Pan      | Learned a level 8 spell: Necromutation
119599 | Pan      | Noticed Wank the pandemonium lord
119653 | Pan      | Killed Wank the pandemonium lord
120644 | Pan      | Found an exit through the horrors of the Abyss.
121102 | Pan      | Reached skill level 1 in Necromancy
121102 | Pan      | Reached skill level 1 in Transmutations
121102 | Pan      | Reached skill level 1 in Earth Magic
121246 | Pan      | Noticed Sejutwamoi the pandemonium lord
121292 | Pan      | Killed Sejutwamoi the pandemonium lord
121844 | Pan      | Entered the realm of Lom Lobon.
121938 | Pan      | Identified the amulet of Mycvid {RegenMP rPois rN+}
122916 | Pan      | Reached skill level 5 in Earth Magic
122939 | Pan      | Noticed Lom Lobon
122951 | Pan      | Reached skill level 5 in Transmutations
122989 | Pan      | Got a magical rune of Zot
123026 | Pan      | Killed Lom Lobon
123590 | Pan      | Reached skill level 5 in Necromancy
123617 | Pan      | Noticed Ogazof the pandemonium lord
123632 | Pan      | Killed Ogazof the pandemonium lord
125495 | Pan      | Noticed Asimetoo the pandemonium lord
125749 | Pan      | Killed Asimetoo the pandemonium lord
125826 | Pan      | Identified the +3 dagger "Omikel" {vorpal, Dex+3}
125933 | Pan      | Noticed Ichun the pandemonium lord
125933 | Pan      | Gained mutation: You are frail. (-10% HP) [a cacodemon]
125947 | Pan      | Killed Ichun the pandemonium lord
126239 | Pan      | Got the Handbook of Feathers and the Entourage
126648 | Pan      | Lost mutation: You are agile. (Dex +2) [a neqoxec]
126649 | Pan      | Gained mutation: Your magical capacity is low. (-10% MP) [a
                  | neqoxec]
126878 | Pan      | Entered the realm of Mnoleg.
126997 | Pan      | Gained mutation: You tend to lose your temper in combat. [a
                  | shining eye]
127000 | Pan      | Gained mutation: Your spells are easier to cast, but less
                  | powerful. [a shining eye]
127025 | Pan      | Gained mutation: You are very frail. (-20% HP) [a shining
                  | eye]
127187 | Pan      | Gained mutation: You are extremely frail. (-30% HP) [a
                  | cacodemon]
127195 | Pan      | Gained mutation: You have hidden genetic defects. [a
                  | neqoxec]
127197 | Pan      | Gained mutation: Your body sometimes deteriorates upon
                  | taking damage. [a neqoxec]
127199 | Pan      | Gained mutation: You are occasionally teleported next to
                  | monsters. [a neqoxec]
127641 | Pan      | Lost mutation: You are extremely frail. (-30% HP) [potion
                  | of mutation]
127641 | Pan      | Lost mutation: You have a beak for a mouth. [potion of
                  | mutation]
127641 | Pan      | Lost mutation: Your magical capacity is low. (-10% MP)
                  | [potion of mutation]
127641 | Pan      | Gained mutation: You are mostly covered in iridescent
                  | scales. (AC +4) [potion of mutation]
127641 | Pan      | Lost mutation: You sometimes lose the ability to read
                  | scrolls when taking damage. [potion of mutation]
127641 | Pan      | Gained mutation: You are resistant to electric shocks.
                  | (rElec) [potion of mutation]
127663 | Pan      | Lost mutation: You are weak. (Str -2) [potion of mutation]
127663 | Pan      | Lost mutation: You are occasionally teleported next to
                  | monsters. [potion of mutation]
127663 | Pan      | Lost mutation: You have hidden genetic defects. [potion of
                  | mutation]
127663 | Pan      | Gained mutation: You are completely covered in iridescent
                  | scales. (AC +6) [potion of mutation]
127673 | Pan      | Noticed Mnoleg
127690 | Pan      | Gained mutation: You do not regenerate when monsters are
                  | visible. [a cacodemon]
127712 | Pan      | Killed Mnoleg
127717 | Pan      | Got a glowing rune of Zot
127849 | Pan      | Gained mutation: You are weak. (Str -2) [a neqoxec]
127909 | Pan      | Gained mutation: You occasionally shout uncontrollably at
                  | your foes. [a cacodemon]
128004 | Pan      | Gained mutation: Your spells are much easier to cast, but
                  | much less powerful. [a neqoxec]
128249 | Pan      | Entered the realm of Gloorx Vloq.
128407 | Pan      | Found an exit through the horrors of the Abyss.
128732 | Pan      | Noticed Ignacio
128735 | Pan      | Reached skill level 10 in Earth Magic
128755 | Pan      | Killed Ignacio
128756 | Pan      | Reached skill level 10 in Transmutations
129525 | Pan      | Noticed Gloorx Vloq
129658 | Pan      | Killed Gloorx Vloq
129673 | Pan      | Got a dark rune of Zot
129939 | Depths:1 | Escaped Pandemonium
130460 | Orc:2    | Bought a scroll of teleportation for 102 gold pieces
130460 | Orc:2    | Bought a potion of heal wounds for 170 gold pieces
131060 | Pan      | Entered Pandemonium
131060 | Pan      | Found an exit through the horrors of the Abyss.
131310 | Pan      | Noticed Paboighaurgh the pandemonium lord
131331 | Pan      | Killed Paboighaurgh the pandemonium lord
132044 | Pan      | Entered the realm of Cerebov.
132422 | Pan      | Found an exit through the horrors of the Abyss.
132800 | Pan      | Identified the ring "Fesig" {MP+9 Str+2}
132989 | Pan      | Found the +6 sword of Cerebov {flame}
132989 | Pan      | Noticed Cerebov
133189 | Pan      | Reached skill level 15 in Maces & Flails
133740 | Pan      | Identified the +2 chain mail of Urajam {+Inv rN+ Regen+
                  | SInv}
133781 | Pan      | Identified the +3 falchion "Peul" {vorpal, rN+ Dex+4}
133906 | Pan      | Killed Cerebov
133924 | Pan      | Identified the +6 scale mail "Tocs" {rC+ Slay+2}
134039 | Pan      | Got a fiery rune of Zot
134787 | Pan      | Found an exit through the horrors of the Abyss.
134800 | Pan      | Noticed Niskas the pandemonium lord
134807 | Pan      | Gained mutation: You are extremely frail. (-30% HP) [a
                  | neqoxec]
134866 | Pan      | Killed Niskas the pandemonium lord
135395 | Pan      | Noticed Veacom the pandemonium lord
135406 | Pan      | Killed Veacom the pandemonium lord
135483 | Pan      | Gained mutation: Your magical capacity is low. (-10% MP) [a
                  | neqoxec]
135498 | Pan      | Found an exit through the horrors of the Abyss.
135957 | Pan      | Gained mutation: You frequently scream uncontrollably at
                  | your foes. [a neqoxec]
135958 | Pan      | Gained mutation: Your magical capacity is very low. (-20%
                  | MP) [a neqoxec]
136428 | Pan      | Found an exit through the horrors of the Abyss.
136542 | Pan      | Noticed Qetsonov the pandemonium lord
136569 | Pan      | Killed Qetsonov the pandemonium lord
137658 | Depths:1 | Escaped Pandemonium
138273 | Dis:1    | Entered Level 1 of the Iron City of Dis
138719 | Dis:3    | Lost mutation: Your spells are much easier to cast, but
                  | much less powerful. [potion of mutation]
138719 | Dis:3    | Lost mutation: You frequently scream uncontrollably at your
                  | foes. [potion of mutation]
138719 | Dis:3    | Lost mutation: You are completely covered in iridescent
                  | scales. (AC +6) [potion of mutation]
138719 | Dis:3    | Lost mutation: Your spells are easier to cast, but less
                  | powerful. [potion of mutation]
138720 | Dis:3    | Lost mutation: You occasionally shout uncontrollably at
                  | your foes. [potion of mutation]
138720 | Dis:3    | Lost mutation: You have large cloven feet. [potion of
                  | mutation]
138720 | Dis:3    | Lost mutation: Your spells are a little easier to cast, but
                  | a little less powerful. [potion of mutation]
138720 | Dis:3    | Lost mutation: You tend to lose your temper in combat.
                  | [potion of mutation]
138721 | Dis:3    | Lost mutation: You passively map a small area around you.
                  | [potion of mutation]
138721 | Dis:3    | Lost mutation: You are mostly covered in iridescent scales.
                  | (AC +4) [potion of mutation]
138721 | Dis:3    | Gained mutation: Your magical capacity is extremely low.
                  | (-30% MP) [potion of mutation]
138721 | Dis:3    | Lost mutation: You are partially covered in iridescent
                  | scales. (AC +2) [potion of mutation]
138721 | Dis:3    | Gained mutation: You have large cloven feet. [potion of
                  | mutation]
138722 | Dis:3    | Lost mutation: You are resistant to electric shocks.
                  | (rElec) [potion of mutation]
138722 | Dis:3    | Lost mutation: You do not regenerate when monsters are
                  | visible. [potion of mutation]
138722 | Dis:3    | Lost mutation: Your body sometimes deteriorates upon taking
                  | damage. [potion of mutation]
138722 | Dis:3    | Gained mutation: You have hoof-like feet. [potion of
                  | mutation]
138723 | Dis:3    | Lost mutation: You have hoof-like feet. [potion of
                  | mutation]
138723 | Dis:3    | Lost mutation: You are weak. (Str -2) [potion of mutation]
138723 | Dis:3    | Lost mutation: You have large cloven feet. [potion of
                  | mutation]
138723 | Dis:3    | Gained mutation: You have sharp fingernails. [potion of
                  | mutation]
138738 | Dis:4    | Noticed an ancient lich
138738 | Dis:4    | Noticed a dread lich
138746 | Dis:4    | Noticed a dread lich
138755 | Dis:4    | Killed a dread lich
138769 | Dis:4    | Killed an ancient lich
138772 | Dis:4    | Killed a dread lich
138773 | Dis:4    | Noticed a dread lich
138779 | Dis:4    | Noticed a dread lich
138817 | Dis:4    | Killed a dread lich
138823 | Dis:4    | Killed a dread lich
139184 | Dis:5    | You fall into a shaft and drop 1 floor!
139516 | Dis:7    | Entered Level 7 of the Iron City of Dis
141532 | Dis:7    | Reached skill level 27 in Maces & Flails
141736 | Dis:7    | Noticed a juggernaut
141769 | Dis:7    | Killed a juggernaut
142928 | Dis:7    | HP: 7/191 [Hell Sentinel (19)]
143261 | Dis:7    | Killed from afar by a Hell Sentinel

Illustrated notes

Levels and vault maps discovered:
D:1:      minmay_arrival_stair_chambers, layout_basic
D:2:      minmay_recursive_quarters, layout_basic, skrybe_limestone_x,
          uniq_sigmund, uniq_natasha
D:3:      layout_basic, mainiacjoe_overflow_concentric_impassable,
          ebering_ecumenical_altar_sacrificial, columned_hall_lemuel
D:4:      layout_loops_cross, minmay_temple_entry_hall, lightli_corner_chamber
D:5:      layout_basic, lemuel_crystal_altar
D:6:      layout_gridville, mainiacjoe_overflow_big_doors, solitary_fountain,
          roderic_serpentine_path, hangedman_decor_diamond_cutter,
          uniq_blork_the_orc
D:7:      layout_loops_ring
D:8:      layout_basic, mainiacjoe_overflow_surrounded_room, serial_shops,
          nicolae_shop_bloodbath_and_beyond, disabler_island,
          uniq_prince_ribbit1
D:9:      layout_gridville, mainiacjoe_overflow_boulevard,
          nemelex_xobeh_ov_fountains_minmay
D:10:     cheibrodos_shockbox, layout_long_grid, xom_teletrap_fun, erik_orc_2,
          serial_bayou_lagoon_a
D:11:     layout_roguey, david_lair_generic, uniq_snorg, uniq_harold
D:12:     layout_stronghold
D:13:     layout_stronghold, okawaru_metal_pillars_1_2
D:14:     layout_irregular_city, ximxim_vaults_locker_room, serial_shops,
          nicolae_shop_waterfront,
          nicolae_gozag_cash_rules_everything_around_me, ebering_ghost_xom,
          gauntlet_entry_generic
D:15:     grunt_enter_depths_snipers, layout_loops_corners, led_sif_pool,
          serial_shops, nicolae_square_shop, nicolae_qazlal_eye_of_the_storm
Temple:   eino_temple_water
Lair:1:   layout_roguey, lemuel_fruit_tree, grunt_megastairs_2, uniq_joseph,
          uniq_maggie
Lair:2:   layout_loops_ring, swamp_mist
Lair:3:   layout_regular_city, guppyfry_snake_entry_island, patterned_corridor,
          grunt_megastairs_3, uniq_sonja, uniq_amaemon
Lair:4:   layout_regular_city
Lair:5:   layout_cave_pods, minmay_slime_entry_pillars, serial_bayou,
          serial_bayou_pond_c, serial_bayou_crossing, serial_bayou_pond_d,
          serial_bayou_pond_a, serial_bayou_shore_b, uniq_josephine
Lair:6:   evilmike_catoblepas_cave, layout_gridlike
Swamp:1:  layout_basic_swamp, hangedman_swamp_diagram, infiniplex_staircase_pool
Swamp:2:  layout_basic_swamp, evilmike_swamp_ruin_rubble_1
Swamp:3:  layout_basic_swamp, nicolae_swamp_rocky_clearing
Swamp:4:  swamp_pestilence, layout_basic_swamp
Snake:1:  layout_chambers, gammafunk_ghost_wrathful_warriors, minmay_shop_grove
Snake:2:  layout_onion, serial_shops, nicolae_shop_stone, st_stairs_2,
          uniq_vashnia
Snake:3:  layout_rooms, serial_bayou_pond_c
Snake:4:  minmay_snake_end_coiled, layout_cave_town, serial_shops, shop,
          nicolae_snake_coiling_death, uniq_aizul, uniq_nikola
Slime:1:  layout_caves, nicolae_slime_barrier
Slime:2:  layout_caves, nicolae_slime_phagocytosis
Slime:3:  layout_caves
Slime:4:  layout_caves
Slime:5
Orc:1:    layout_caves
Orc:2:    pubby_orc_utopia, uniq_erolcha
Elf:1:    elf_arrival_001, layout_loops_ring,
          ploomutoo_gammafunk_ghost_potion_laboratory,
          hangedman_elven_crosses_minicolossus, minmay_shop_grid_forest,
          uniq_donald
Elf:2:    elven_hall_of_blades_hangedman_alternative [nicolae_blade_tridents],
          layout_geoelf_grid, serial_shops, shop, nicolae_fountain_basement
Elf:3:    elf_hall, layout_gridlike, basic_altar, uniq_mara, uniq_roxanne,
          uniq_saint_roka
Vaults:1: ontoclasm_vaults_ring_large, ontoclasm_vaults_ring_large, v_misc_13,
          vaults_room_pool, hangedman_vaults_restitches, nicolae_vaults_big_ls,
          hangedman_vaults_maws, v_misc_24, vaults_standard_mumra_x,
          nicolae_vaults_yaktaur_gun_rack, nicolae_vaults_asterisk,
          sword_in_stone, layout_vaults_omnigrid, serial_shops, shop,
          shop_statue, nicolae_shop_competitors_out_of_business, shop_fountains,
          shop
Vaults:2: vaults_standard_mumra_enter_the_diamond, nicolae_vaults_network_star,
          v_rooms_4, ontoclasm_vaults_fault, hangedman_vaults_stream,
          hangedman_vaults_pinch, vaults_room_grunt_arrival_ludios,
          ontoclasm_vaults_twist, layout_vaults_omnibox, uniq_mennas
Vaults:3: infiniplex_enter_wizlab_water, v_misc_11, hangedman_vaults_restitches,
          st_cells, minmay_crypt_entry_necro_gods, nicolae_vaults_shelves_hall,
          v_misc_13, vaults_dpeg_hooks, vaults_dpeg_cross,
          nicolae_vaults_shelves_hall, layout_vaults_big_room, uniq_zenata,
          uniq_frederick
Vaults:4: vaults_room_fancy_cross, vaults_room_corners, v_rooms_3,
          nicolae_vaults_halls_meeting, grunt_vaults_trifunnel, v_misc_10,
          v_misc_10, v_misc_32, vaults_mumra_chevron_long,
          nicolae_vaults_little_ls, ontoclasm_vaults_loading_screen,
          ontoclasm_vaults_tryst, v_misc_14, layout_vaults_ring, serial_glass,
          serial_shops, shop, uniq_boris, uniq_sojobo
Vaults:5
Crypt:1:  layout_regular_city, moated_statue, door_vault, uniq_margery,
          uniq_josephina, uniq_bai_suzhen, uniq_khufu
Crypt:2:  cheibrodos_crypt_eye_of_stone, layout_misc_corridors,
          minmay_misc_feat_alley
Crypt:3:  david_glass_crypt, layout_gridlike
Depths:1: layout_roguey, enter_ziggurat_d, hell_entry, rand_demon_pan_entry_3,
          tgw_lugonu_bribe, roderic_lattice_octagonal_star
Depths:2: minmay_the_grid_ultimate
          [minmay_the_grid_prize_four_corners_diamond_b,
          minmay_the_grid_prize_shrinking_boxes,
          minmay_the_grid_prize_four_corners, minmay_the_grid_prize_diamond_cup,
          minmay_the_grid_square_5x5_n,
          minmay_the_grid_square_5x5_sharp_hourglass,
          minmay_the_grid_square_5x5_six,
          minmay_the_grid_square_5x5_tetrominoes,
          minmay_the_grid_square_5x5_checkered_statues,
          minmay_the_grid_square_5x5_three_walls,
          minmay_the_grid_square_5x5_hourglass,
          minmay_the_grid_square_5x5_intrusive_squares,
          minmay_the_grid_square_5x5_detours,
          minmay_the_grid_square_5x5_spiral_small,
          minmay_the_grid_square_5x5_two, minmay_the_grid_square_5x5_inner_i,
          minmay_the_grid_square_5x5_comb, minmay_the_grid_square_5x5_mess,
          minmay_the_grid_square_5x5_hollow_slash,
          minmay_the_grid_triangle_9x9_corruption,
          minmay_the_grid_triangle_9x9_fully_insulated_deathbox,
          minmay_the_grid_triangle_9x9_from_above,
          minmay_the_grid_triangle_9x9_sprig,
          minmay_the_grid_triangle_9x9_steps,
          minmay_the_grid_triangle_9x9_sparse_checkered,
          minmay_the_grid_triangle_9x9_odd_lines,
          minmay_the_grid_triangle_9x9_longest,
          minmay_the_grid_triangle_9x9_stretched_checkered,
          minmay_the_grid_triangle_9x9_minimal,
          minmay_the_grid_triangle_9x9_zippers_vertical,
          minmay_the_grid_triangle_9x9_intruding_spiral,
          minmay_the_grid_triangle_9x9_checkered,
          minmay_the_grid_triangle_9x9_wacky_v,
          minmay_the_grid_triangle_9x9_thin_v,
          minmay_the_grid_triangle_9x9_zippers_horizontal,
          minmay_the_grid_square_5x5_three, minmay_the_grid_octo_empty,
          minmay_the_grid_octo_pinwheel, minmay_the_grid_octo_focus,
          minmay_the_grid_octo_tetromino_candy, minmay_the_grid_octo_clover,
          minmay_the_grid_octo_checkerflower, minmay_the_grid_octo_checkered,
          minmay_the_grid_octo_chip, minmay_the_grid_artifice,
          minmay_the_grid_odd_star, minmay_the_grid_pillar_ring,
          minmay_the_grid_aliased_spiral], hell_entry, pan_entry
Depths:3: grunt_crosshair, layout_long_grid, minmay_staircase_windowed_small,
          grunt_mini_vestibule, hangedman_abyss_entry_splay, serial_shops,
          nicolae_inconvenience_store, drop_trap, serial_sigils_hangedman_gnaw,
          serial_bayou_shore_a, serial_bayou_shore_b
Depths:4: grunt_twist_and_shout, layout_long_grid,
          ebering_dispersal_statue_hall, hell_entry, uniq_parghit
Hell
Dis:1:    layout_jigsaw
Dis:2:    layout_gridville
Dis:3:    layout_overlapping_boxes
Dis:4:    layout_regular_city, nicolae_hells_leichenhalle
Dis:5:    layout_regular_city, nicolae_dis_spooky_hallway
Dis:6:    layout_subdivisions, serial_glass, glass_columns_a, glass_columns_c,
          glass_columns_a, glass_columns_a, glass_columns_b, glass_columns_a,
          glass_columns_b, glass_columns_a
Dis:7:    dis_st
Geh:1:    layout_gehenna_lava_caves
Geh:2:    layout_gehenna_pools_box, hangedman_elemental_grid_stream
Geh:3:    nicolae_geh_tyrants_menagerie, layout_gehenna_lava_caves
Geh:4:    layout_gehenna_pools_triple
Geh:5:    layout_gehenna_lava_caves
Geh:6:    layout_gehenna_pools_triple
Geh:7:    geh_old
Zot:1:    ebering_greatest_show_in_zot, layout_gridlike
Zot:2:    layout_basic
Zot:3:    kennysheep_room_grid, layout_onion_interference, grunt_megastairs_5
Zot:4:    cheibrodos_zot_enchanting_chambers, layout_misc_corridors
Zot:5:    layout_misc_corridors, grunt_ministairs_4

Skill      XL: |  1  2  3  4  5  6  7  8  9 10 11 12 13 14 15 16 17 18 19 20 21 22 23 24 25 26 27 |
---------------+----------------------------------------------------------------------------------+-----
Shields        | 4 5 8 9 10 15 16 23 27 | 27.0
Fighting       | 4 5 6 11 13 17 21 22 23 27 | 27.0
Armour         | 4 5 8 9 10 11 18 20 27 | 27.0
Polearms       | 3 4 6 9 12 | 12.3
Evocations     | 7 9 13 14 18 27 | 27.0
Dodging        | 5 10 19 27 | 27.0
Axes           | 7 16 18 | 18.7
Stealth        | 1 7 |  7.4
Short Blades   | 11 | 11.0
Maces & Flails | 27 | 27.0
Spellcasting   | 13 | 13.0
Necromancy     | 9 |  9.0
Transmutations | 12 | 12.1
Earth Magic    | 12 | 12.2

Action                   |  1- 3 |  4- 6 |  7- 9 | 10-12 | 13-15 | 16-18 | 19-21 | 22-24 | 25-27 || total
-------------------------+-------+-------+-------+-------+-------+-------+-------+-------+-------++-------
Melee: Trident           |    85 |   107 |   122 |       |       |       |       |       |       ||   314
       Headbutt          |     7 |    12 |    74 |   236 |   733 |   314 |   155 |   468 |  4391 ||  6390
       Spear             |       |       |   309 |  1066 |  2786 |   107 |       |       |       ||  4268
       Broad axe         |       |       |       |       |   165 |  1040 |   512 |  1451 |  5710 ||  8878
       Sacred scourge    |       |       |       |       |       |       |       |       |  6184 ||  6184
       Peck              |       |       |       |       |       |       |       |       |  1189 ||  1189
Throw: Javelin           |       |       |     2 |     1 |       |       |       |       |       ||     3
       Throwing net      |       |       |       |     3 |     1 |       |       |       |       ||     4
Invok: Call Merchant     |       |       |       |     2 |     3 |     1 |       |     3 |     6 ||    15
       Potion Petition   |       |       |       |       |       |     4 |     2 |       |    29 ||    35
 Abil: Evoke Blink       |       |       |       |       |       |     1 |       |       |     2 ||     3
       Evoke Invisibilit |       |       |       |       |       |       |       |       |     5 ||     5
Evoke: Wand              |       |       |       |     7 |     2 |       |       |     8 |    28 ||    45
       Lightning rod     |       |       |       |     4 |     3 |     4 |       |     9 |    11 ||    31
       Tin of tremorston |       |       |       |       |     3 |     3 |       |     5 |    10 ||    21
       Phantom mirror    |       |       |       |       |     1 |     2 |       |     1 |     3 ||     7
       Condenser vane    |       |       |       |       |       |     3 |       |     2 |     6 ||    11
       Phial of floods   |       |       |       |       |       |       |     1 |     4 |     5 ||    10
       Box of beasts     |       |       |       |       |       |       |       |     1 |     5 ||     6
       Horn of Geryon    |       |       |       |       |       |       |       |       |     5 ||     5
  Use: Scroll            |     2 |     2 |     7 |    18 |    12 |    11 |     3 |     9 |    40 ||   104
       Potion            |     1 |       |     2 |     2 |     7 |    10 |     7 |     1 |    83 ||   113
 Stab: Distracted        |       |       |     2 |     2 |    14 |    18 |     5 |    26 |   125 ||   192
       Petrified         |       |       |       |       |    21 |       |       |       |       ||    21
       Invisible         |       |       |       |       |       |     5 |       |       |   140 ||   145
       Sleeping          |       |       |       |       |       |       |     1 |       |       ||     1
Armor: Scale mail        |    23 |       |       |       |       |       |       |       |       ||    23
       Gold dragon scale |     1 |    21 |       |       |       |       |       |       |  1938 ||  1960
       Crystal plate arm |       |    20 |   179 |   509 |  1203 |   894 |   231 |   508 |   495 ||  4039
Dodge: Dodged            |    17 |    12 |    39 |   136 |   448 |   366 |   102 |   282 |  2159 ||  3561
Block: Buckler           |     6 |    10 |    56 |   154 |    20 |       |       |       |       ||   246
       Kite shield       |       |       |       |       |  1301 |   975 |   348 |  1306 |   373 ||  4303
       Reflection        |       |       |       |       |       |       |     6 |   127 |   281 ||   414
       Tower shield      |       |       |       |       |       |       |       |       | 11350 || 11350

Table legend: (Time is in decaauts)
 A = Elapsed time spent in this place.
 B = Non-inter-level travel time spent in this place.
 C = Inter-level travel time spent in this place.
 D = Time resting spent in this place.
 E = Time spent auto-exploring this place.
 F = Levels seen in this place.
 G = Mean time per level.
                   A        B        C        D        E       F      G
               +--------+--------+--------+--------+--------+-----+--------+
         Total | 136646 | 114100 |  22546 |  17421 |  54105 | 100 | 1366.5 |
       Dungeon |  29870 |  17831 |  12039 |   2745 |  11892 |  15 | 1991.3 |
        Temple |    299 |    225 |     74 |      0 |    166 |   1 |  299.0 |
          Lair |   7173 |   5882 |   1291 |    468 |   4168 |   6 | 1195.5 |
         Swamp |   7303 |   6897 |    406 |   2192 |   3588 |   4 | 1825.8 |
     Snake Pit |   3603 |   3084 |    519 |     67 |   2124 |   4 |  900.8 |
    Slime Pits |   4522 |   3921 |    601 |    320 |   1904 |   5 |  904.4 |
  Orcish Mines |   4857 |   4139 |    718 |    628 |   2389 |   2 | 2428.5 |
   Elven Halls |   3911 |   3339 |    572 |    273 |   1801 |   3 | 1303.7 |
        Vaults |  13700 |  11825 |   1875 |   3031 |   6112 |   5 | 2740.0 |
         Crypt |   4188 |   3623 |    565 |    519 |   1748 |   3 | 1396.0 |
        Depths |   8013 |   5714 |   2299 |    232 |   3600 |   4 | 2003.2 |
          Hell |   2409 |   2256 |    153 |   1246 |    527 |   1 | 2409.0 |
           Dis |   4321 |   4195 |    126 |    977 |    515 |   7 |  617.3 |
       Gehenna |   3805 |   3336 |    469 |    501 |    465 |   7 |  543.6 |
           Zot |   7294 |   6461 |    833 |    881 |   3325 |   5 | 1458.8 |
         Abyss |    461 |    461 |      0 |     58 |      9 |   3 |  153.7 |
   Pandemonium |  28396 |  28396 |      0 |   2358 |   9107 |  23 | 1234.6 |
        Wizlab |   1508 |   1508 |      0 |    848 |     83 |   1 | 1508.0 |
      Gauntlet |   1006 |   1006 |      0 |     75 |    577 |   1 | 1006.0 |
               +--------+--------+--------+--------+--------+-----+--------+

Top non-repeatable levels by time:
Vaults:3: 4052 daAuts
    D:14: 3927 daAuts
   Orc:2: 3544 daAuts
    D:10: 3459 daAuts
   Dis:7: 3301 daAuts
    D:15: 2943 daAuts
Depths:2: 2807 daAuts
Vaults:4: 2791 daAuts
Vaults:1: 2726 daAuts
Vaults:2: 2695 daAuts
     D:4: 2619 daAuts
 Swamp:4: 2516 daAuts
     D:6: 2475 daAuts
Depths:1: 2453 daAuts
    Hell: 2409 daAuts
